 Dungeon Crawl Stone Soup version 0.29.1 (webtiles) character file.

Game seed: 11968104682741967498

418569 qw the Slayer (level 22, -2/226 HPs)
             Began as a Minotaur Berserker on Sept 13, 2022.
             Was an Elder of Trog.
             Slain by a tentacled monstrosity (6 damage)
             ... on level 5 of the Vaults.
             The game lasted 00:22:14 (55356 turns).

qw the Slayer (Minotaur Berserker)                 Turns: 55356, Time: 00:22:14

Health: -2/226     AC: 48    Str: 38    XL:     22   Next: 60%
Magic:  21/21      EV: 21    Int:  1    God:    Trog [****..]
Gold:   1156       SH: 22    Dex: 12    Spells: 21/21 levels left

rFire   + . .      SeeInvis .   e - +10 broad axe of Inquiry {vorpal, rPois Str+3 Int-3 Stlth+}
rCold   + . .      Faith    .   q - +0 tower shield {AC+3}
rNeg    + . .      Spirit   .   t - +6 gold dragon scales
rPois   +          Reflect  .   v - +2 hat
rElec   .          Harm     .   n - +2 cloak
rCorr   .          Rampage  .   x - +2 pair of gloves
Will    +....                   d - +2 pair of boots
Stlth   ..........              h - amulet "Juabliha" {Acrobat rPois rN+ Str+4}
HPRegen 0.47/turn               s - ring of the Hare {EV+8}
MPRegen 0.17/turn               z - +4 ring of evasion

@: about to teleport, marked, constricted
A: horns 2, retaliatory headbutt, hooves 2, screaming 1
}: 2/15 runes: barnacled, gossamer
a: Renounce Religion, Berserk, Trog's Hand, Brothers in Arms


You were on level 5 of the Vaults.
You worshipped Trog.
Trog was greatly pleased with you.
You visited 7 branches of the dungeon, and saw 39 of its levels.

You collected 4761 gold pieces.
You spent 3605 gold pieces at shops.


Innate Abilities, Weirdness & Mutations

You have a pair of horns on your head.
You reflexively headbutt those who attack you in melee.
You have hoof-like feet.
You occasionally shout uncontrollably at your foes.


   Skills:
 - Level 25.0 Fighting
 - Level 19.0 Axes
 - Level 14.0 Throwing
 + Level 24.1 Armour
 - Level 13.0 Dodging
 - Level 22.3 Shields


You had 21 spell levels left.
You didn't know any spells.
Your spell library was empty.

Inventory:

Hand Weapons
 e - the +10 broad axe of Inquiry (weapon) {vorpal, rPois Str+3 Int-3 Stlth+}
   (You acquired it on level 1 of the Spider Nest)

   It inflicts extra damage upon your enemies.
   Str:       It affects your strength (+3).
   Int:       It affects your intelligence (-3).
   rPois:     It protects you from poison.
   Stlth:     It makes you more stealthy.
Missiles
 b - 5 silver javelins (quivered)
 o - 2 boomerangs
Armour
 d - a +2 pair of boots (worn)
 n - a +2 cloak (worn)
 q - a +0 tower shield of protection (worn)
 t - +6 gold dragon scales (worn)
 v - a +2 hat (worn)
 x - a +2 pair of gloves (worn)
Jewellery
 h - the amulet "Juabliha" (around neck) {Acrobat rPois rN+ Str+4}
   (You bought it in a shop on level 1 of the Depths)

   [amulet of the acrobat]

   It increases your evasion while moving and waiting.
   Str:       It affects your strength (+4).
   rPois:     It protects you from poison.
   rN:        It protects you from negative energy.
 l - an amulet of reflection
 m - a ring of protection from fire
 s - the ring of the Hare (left hand) {EV+8}
   (You found it on level 4 of the Spider Nest)

   [ring of evasion]

   EV:        It affects your evasion (+8).
 z - a +4 ring of evasion (right hand)
Scrolls
 g - 8 scrolls of teleportation
 i - 2 scrolls of enchant weapon
 k - 20 scrolls of identify
 r - a scroll of brand weapon
Potions
 a - 16 potions of curing
 f - 7 potions of haste
 j - 10 potions of might
 p - a potion of cancellation
 u - 7 potions of mutation

Dungeon Overview and Level Annotations

Branches:
Dungeon (15/15)            Temple (0/1) D:6            Lair (5/5) D:9
 Shoals (4/4) Lair:3       Spider (4/4) Lair:3        Slime (0/5) Lair:5
    Orc (2/2) D:12            Elf (0/3) Orc:2        Vaults (5/5) D:14
  Crypt (0/3) Vaults:3     Depths (4/4) D:15            Zot (0/5) Depths:4

Altars:
Cheibriados
Elyvilon
Gozag
Hepliaklqana
Kikubaaqudgha
Qazlal
Ru
Sif Muna
Trog
Vehumet
Xom
Yredelemnul
The Shining One
Jiyva
Lugonu

Shops:
D:2 !   D:12 [   Orc:1 [   Orc:2 [=?(!   Shoals:2 ?   Shoals:4 *   Vaults:4 :
Depths:1 =*[((   Depths:2 :   Depths:3 ==:

Portals:
Hell: Depths:1 Depths:2 Depths:3 Depths:4
Abyss: Lair:5 Depths:3
Pandemonium: Depths:2
Ziggurat: Depths:4

Annotations:
D:11 3 runed translucent doors, xzight's ghost, journeyman MiBe
D:12 3 runed translucent doors, Gauc's ghost, journeyman HOFi
D:14 3 runed translucent doors, Laowois's ghost, journeyman MiBe; Pios Xaciraj's ghost, journeyman DgHW; qw's ghost, journeyman MiBe
Lair:3 1 runed translucent door, qw's ghost, journeyman MiBe
Lair:5 2 transporters, qw's ghost, journeyman MiBe
Vaults:5 Mara


Message History

55354 ||| DRINKING potion of heal wounds.
You feel much better.
The deep elf zephyrmancer hits you but does no damage.
You block the tentacled monstrosity's attack.
The tentacled monstrosity closely misses you.
You block the tentacled monstrosity's attack.
The tentacled monstrosity constricts you.
Something closely misses you.
Something touches you but does no damage.
The titan gestures at you while chanting.
The bolt of lightning hits you!!! Mara misses you. You furiously retaliate!
You headbutt Mara!!
You barely miss the tentacled monstrosity.
You headbutt the tentacled monstrosity!
The tentacled monstrosity is almost dead.
You carve Mara like a ham!!! You slash the titan! You slice something!!
Trog accepts your kill.
Trog appreciates your killing of a magic user.
Reactivating autopickup.
You feel a bit more experienced.
You slice the deep elf zephyrmancer!!
You kill the deep elf zephyrmancer!
Trog accepts your kill.
Trog appreciates your killing of a magic user.
You block the tentacled monstrosity's attack. x2
The tentacled monstrosity misses you.
The tentacled monstrosity constricts you.
Mara gestures at you. The bolt of fire misses you. The titan hits you!
Your life force feels restored.
You slash the tentacled monstrosity!
Your headbutt misses the tentacled monstrosity.
The tentacled monstrosity is almost dead.
You hit the war gargoyle but do no damage.
You slash the tentacled monstrosity! You hit Mara but do no damage.
You slice the titan!!
You recover from your berserk rage.
You block the war gargoyle's attack.
You block the tentacled monstrosity's attack.
The tentacled monstrosity tentacle-slaps you.
You die...

#################
.................
................
####...%.)..####
.....pC........#
###.#9X..#.#.#.#
# #@RW.#..#..
#XC..# #.# #
#D...# .9# ..
#....# #.# .
#QQ..# W} ### ##
.# . #u...# # ..#
.#..#.. #..D.# .?
$. .#... #p...#
#?#. ...


You could see Mara, 2 tentacled monstrosities, a titan, a golden dragon, a brown
very ugly thing, a quicksilver dragon (slow), a vault warden, 2 tengu reavers,
an ettin, a war gargoyle, a vault sentinel and a freezing wraith.

Vanquished Creatures
  Saint Roka (Vaults:4)
  Boris (Vaults:5)
  Bai Suzhen (Vaults:4)
  Margery (Depths:4)
  3 golden dragons (Depths:3)
  Arachne (Spider:4)
  A bone dragon (Depths:4)
  2 tentacled monstrosities
  Rupert (D:13)
  Mlioglotl (Spider:3)
  Asterion (Spider:4)
  6 titans
  2 walking earthen tomes
  5 liches
  2 quicksilver dragons
  A walking divine tome (Depths:1)
  Polyphemus (Shoals:3)
  6 sphinxes
  A kraken (Shoals:2)
  A storm dragon (Vaults:5)
  5 tengu reavers
  3 shadow dragons
  A draconian monk (Depths:4)
  10 fire giants
  10 frost giants
  An iron dragon (Depths:3)
  A deep elf sorcerer (Vaults:5)
  10 vault wardens
  An emperor scorpion (Spider:4)
  8 ghost moths
  2 orc warlords
  A cacodemon (Depths:2)
  A draconian annihilator (Depths:4)
  A draconian shifter (Depths:4)
  8 stone giants
  12 very ugly things
  14 ironbound preservers
  A spriggan defender (Depths:3)
  8 ironbound thunderhulks
  2 broodmothers
  3 vampire knights (Depths:2)
  A war gargoyle (Vaults:5)
  2 purple draconians (Depths:4)
  3 black draconians (Depths:4)
  11 dire elephants
  A red draconian (Depths:4)
  9 entropy weavers
  11 spark wasps
  A deep elf death mage (Vaults:5)
  8 merfolk impalers
  12 ettins
  6 jiangshi
  4 merfolk javelineers
  Josephine (Spider:1)
  7 fire dragons
  A deep elf high priest (Vaults:5)
  8 yaktaur captains
  2 rakshasas
  8 great orbs of eyes
  Erolcha (Orc:1)
  7 ice dragons
  2 radroaches (Spider:4)
  6 hydras
  3 ogre magi
  8 boulder beetles
  35 vault guards
  Harold (Orc:1)
  4 catoblepae
  3 alligator snapping turtles
  An anaconda (Lair:4)
  3 merfolk avatars
  4 spriggan air magi
  8 centaur warriors
  9 two-headed ogres
  2 alligators (Lair:4)
  8 ironbound frosthearts
  2 merfolk aquamancers (Shoals:4)
  2 satyrs
  9 tengu warriors
  3 death yaks (Shoals:3)
  2 vampire magi (Depths:3)
  3 deep troll earth magi
  5 hell knights
  A soul eater (Depths:2)
  8 spriggan berserkers
  10 deep troll shamans
  Urug (D:13)
  3 thrashing horrors (Lair:5)
  7 skeletal warriors
  2 iron trolls
  A fire crab (D:13)
  4 pharaoh ants
  3 glowing orange brains
  2 sun moths
  A goliath frog (shapeshifter) (Vaults:5)
  15 sea snakes
  A flayed ghost (Depths:2)
  Amaemon (D:10)
  53 deep trolls
  4 orb spiders
  7 steelbarb worms
  9 wizards
  3 phantasmal warriors
  7 orc knights
  A golden dragon zombie (D:15)
  6 lindwurms (Vaults:2)
  Pikel (D:8)
  A kraken simulacrum (Shoals:4)
  4 harpies
  19 ironbound convokers
  5 necromancers
  8 orc sorcerers
  3 tengu skeletons
  4 fauns (Shoals:3)
  A deep elf zephyrmancer (Vaults:5)
  63 ugly things
  An iron dragon zombie (D:15)
  8 cyclopes
  20 manticores
  14 wolf spiders
  11 elephants
  An elephant (shapeshifter) (Vaults:5)
  A rust devil (Depths:2)
  9 merfolk sirens
  An orange demon (D:10)
  7 water nymphs
  4 cane toads
  2 black mambas
  A smoke demon (Lair:5)
  2 torpor snails
  11 vault sentinels
  2 gargoyles
  11 demonic crawlers
  2 human zombies (Vaults:2)
  2 kobold demonologists (D:11)
  2 unseen horrors
  9 komodo dragons
  A rime drake (Lair:5)
  21 yaktaurs
  8 tengu conjurers
  2 freezing wraiths
  A yaktaur skeleton (Vaults:3)
  An ancient zyme (Lair:5)
  9 trolls
  A merfolk (shapeshifter) (Depths:1)
  A polar bear (Lair:4)
  40 merfolk
  7 hornets
  7 wind drakes
  A meliai (D:9)
  23 blink frogs
  37 tarantellas
  16 dream sheep
  A blink frog (shapeshifter) (D:14)
  Grinder (D:6)
  An ettin zombie (Vaults:3)
  Sigmund (D:4)
  20 slime creatures
  24 jumping spiders
  An elf zombie (Vaults:3)
  2 shadows
  22 culicivoras
  8 snapping turtles
  A stone giant simulacrum (Vaults:3)
  An elf skeleton (Vaults:3)
  12 wraiths
  2 ynoxinuls
  5 spriggans
  12 water elementals
  3 vampires
  42 yaks
  Eustachio (D:4)
  5 wyverns
  16 humans (D:13)
  2 fire bats (Depths:1)
  57 redbacks
  Grum (D:8)
  5 basilisks
  4 chaos spawn (Lair:5)
  A steam dragon (D:6)
  3 vampire mosquitoes
  5 wargs
  A two-headed ogre zombie (D:12)
  A floating eye (Depths:4)
  A human simulacrum (Vaults:2)
  9 water moccasins
  2 sky beasts
  A glowing shapeshifter zombie (D:15)
  14 orc warriors
  4 black bears
  3 boggarts (Vaults:1)
  2 ice beasts
  17 ogres
  14 wolves
  6 centaurs
  2 phantoms (D:12)
  5 kobold brigands
  5 bullfrogs
  6 necrophages
  A gnoll sergeant (D:12)
  6 scorpions
  A human skeleton (Vaults:3)
  A glowing shapeshifter simulacrum (Vaults:3)
  9 wights
  8 killer bees
  13 small abominations (Lair:5)
  2 troll zombies (D:12)
  An electric eel (Lair:4)
  3 howler monkeys
  2 jellies (D:5)
  11 orc priests
  5 hounds
  2 gnoll boudas
  Ijyb (D:3)
  Terence (D:3)
  4 iguanas
  26 orc wizards
  8 hell rats (Lair:3)
  5 ogre zombies (D:12)
  Robin (D:4)
  17 gnolls
  4 adders
  3 river rats (Lair:3)
  A shadow imp (D:5)
  A white imp (D:7)
  An ufetubus (D:5)
  2 worms
  45 orcs
  6 endoplasms
  3 giant cockroaches (D:3)
  11 goblins
  10 hobgoblins
  5 jackals
  24 kobolds
  6 quokkas
  7 ball pythons
  6 bats
  4 frilled lizards
  2 goblin skeletons (D:12)
  A goblin zombie (D:12)
  A hobgoblin skeleton (D:12)
  4 hobgoblin zombies (D:12)
  2 orc skeletons (D:12)
  15 orc zombies (D:12)
  8 rats
  4 tentacles
1581 creatures vanquished.

Vanquished Creatures (collateral kills)
  Ilsuiw (Shoals:3)
  A vault warden (Vaults:5)
  An orc warlord (Vaults:3)
  A broodmother (Spider:2)
  2 ironbound thunderhulks (Vaults:3)
  4 very ugly things
  An entropy weaver (Spider:2)
  2 merfolk impalers
  A boulder beetle (D:12)
  2 vault guards (Vaults:4)
  A merfolk avatar (Shoals:1)
  2 hydras
  A catoblepas (D:13)
  A radroach (Spider:3)
  A steelbarb worm (Spider:4)
  5 orb spiders
  A glowing orange brain (Depths:4)
  A phantasmal warrior (Vaults:5)
  3 orc knights
  A wolf spider (Spider:4)
  2 orc sorcerers (Orc:2)
  2 ugly things
  2 merfolk sirens
  A vault sentinel (Vaults:3)
  A torpor snail (Lair:4)
  A cane toad (Lair:4)
  3 yaktaurs
  A yaktaur (shapeshifter) (D:14)
  A demonic crawler (Spider:1)
  A polar bear (Lair:4)
  A tarantella (Spider:2)
  A hornet (Lair:4)
  A jumping spider (Spider:4)
  A culicivora (Spider:4)
  A wyvern (Lair:4)
  A yak (Lair:5)
  A basilisk (Lair:4)
  2 redbacks
  A bullfrog (Lair:4)
  3 orc wizards (Orc:2)
  4 orcs
65 creatures vanquished.

Vanquished Creatures (others)
  A deep troll shaman (Depths:2)
  A deep troll (Vaults:3)
  A wizard (Depths:1)
  A human (D:4)
  12 fungi
  95 plants
  8 tentacles
  3 withered plants
122 creatures vanquished.

Grand Total: 1768 creatures vanquished

Notes
Turn   | Place    | Note
-------+----------+-------------------------------------------
     0 | D:1      | qw the Minotaur Berserker began the quest for the Orb.
     0 | D:1      | Reached XP level 1. HP: 19/19 MP: 0/0
     0 | D:1      | 0 ||| qw: Version: 0.1-a-119-g272c26d
     0 | D:1      | 0 ||| qw: Game counter: 11127
     0 | D:1      | 0 ||| qw: Always use a shield: true
     0 | D:1      | 0 ||| qw: Do Orc after D:15 true
     0 | D:1      | 0 ||| qw: Do second Lair branch before Depths: true
     0 | D:1      | 0 ||| qw: Lair rune preference: random
     0 | D:1      | 0 ||| qw: Plans: Normal
     0 | D:1      | 0 ||| PLANNING D:1-11
   163 | D:1      | Reached XP level 2. HP: 25/26 MP: 1/1
   192 | D:1      | Found a faded altar of an unknown god.
   278 | D:1      | 278 ||| Stepping ~*~*~tactically~*~*~ (stealth).
   596 | D:1      | 596 ||| UPGRADING to +0 ring mail.
   606 | D:1      | 606 ||| DROPPING +0 animal skin.
   607 | D:1      | 607 ||| READING scroll labelled WONGIMM UC COETO.
   637 | D:2      | 637 ||| STAIRDANCE
   691 | D:2      | 691 ||| STAIRDANCE
   693 | D:1      | 693 ||| INVOKING Berserk.
   825 | D:2      | Found a glowing golden altar of the Shining One.
   883 | D:2      | 883 ||| Stepping ~*~*~tactically~*~*~ (stealth).
   895 | D:2      | Reached XP level 3. HP: 31/31 MP: 2/2
   900 | D:2      | Reached ** piety under Trog
  1058 | D:2      | Found Omoes's Distillery.
  1066 | D:2      | 1066 ||| SHOPLISTING 2 potions of heal wounds (140 gold,
                  | have 61).
  1066 | D:2      | 1066 ||| BUYING potion of curing (42 gold).
  1066 | D:2      | Bought a potion of curing for 42 gold pieces
  1066 | D:2      | 1066 ||| SHOPLISTING potion of curing (42 gold, have 19).
  1066 | D:2      | 1066 ||| SHOPLISTING potion of haste (140 gold, have 19).
  1066 | D:2      | 1066 ||| SHOPLISTING potion of mutation (112 gold, have
                  | 19).
  1077 | D:2      | 1077 ||| DROPPING +0 whip.
  1183 | D:2      | 1183 ||| READING scroll labelled ATESO UNNILUTTAI.
  1184 | D:2      | 1184 ||| READING scroll labelled UMOXE QIKLONOB.
  1185 | D:2      | 1185 ||| DRINKING 2 brown potions.
  1286 | D:2      | 1286 ||| READING 3 scrolls of identify.
  1286 | D:2      | 1286 ||| IDENTIFYING pink potion
  1287 | D:2      | 1287 ||| READING 2 scrolls of identify.
  1287 | D:2      | 1287 ||| IDENTIFYING amethyst potion
  1288 | D:2      | 1288 ||| DROPPING potion of lignification.
  1289 | D:2      | 1289 ||| DROPPING potion of ambrosia.
  1332 | D:3      | Noticed Terence
  1334 | D:3      | Noticed Ijyb
  1335 | D:3      | 1335 ||| Stepping ~*~*~tactically~*~*~ (hiding).
  1336 | D:3      | 1336 ||| Stepping ~*~*~tactically~*~*~ (hiding).
  1337 | D:3      | 1337 ||| INVOKING Berserk.
  1340 | D:3      | Killed Terence
  1341 | D:3      | Reached skill level 6 in Axes
  1341 | D:3      | Reached XP level 4. HP: 39/39 MP: 3/3
  1349 | D:3      | Killed Ijyb
  1356 | D:3      | 1356 ||| FLEEEEING.
  1361 | D:3      | 1361 ||| STAIRDANCE
  1599 | D:3      | 1599 ||| Stepping ~*~*~tactically~*~*~ (stealth).
  1601 | D:3      | 1601 ||| Stepping ~*~*~tactically~*~*~ (stealth).
  2188 | D:3      | 2188 ||| UPGRADING to +0 scale mail.
  2198 | D:3      | 2198 ||| DROPPING +0 ring mail.
  2199 | D:3      | 2199 ||| READING scroll labelled WIROXO NOTEC.
  2203 | D:3      | 2203 ||| READING 3 scrolls of identify.
  2203 | D:3      | 2203 ||| IDENTIFYING dark potion
  2204 | D:3      | 2204 ||| DROPPING potion of flight.
  2225 | D:4      | 2225 ||| Stepping ~*~*~tactically~*~*~ (stealth).
  2230 | D:4      | 2230 ||| Stepping ~*~*~tactically~*~*~ (stealth).
  2328 | D:4      | 2328 ||| Stepping ~*~*~tactically~*~*~ (stealth).
  2334 | D:4      | 2334 ||| Stepping ~*~*~tactically~*~*~ (stealth).
  2337 | D:4      | Noticed Robin
  2339 | D:4      | Reached XP level 5. HP: 45/45 MP: 4/4
  2345 | D:4      | 2345 ||| INVOKING Berserk.
  2350 | D:4      | Killed Robin
  2491 | D:4      | Found an ancient bone altar of Kikubaaqudgha.
  2492 | D:4      | Noticed a human
  2494 | D:4      | Killed a human
  2510 | D:4      | Reached skill level 4 in Fighting
  2586 | D:4      | Reached *** piety under Trog
  2594 | D:4      | 2594 ||| INVOKING Berserk.
  2597 | D:4      | Reached XP level 6. HP: 34/53 MP: 5/5
  2641 | D:4      | 2641 ||| FLEEEEING.
  2647 | D:4      | 2647 ||| STAIRDANCE
  2877 | D:4      | Found a sacrificial altar of Ru.
  2890 | D:4      | Found a bloodstained altar of Trog.
  2894 | D:4      | Noticed Sigmund
  2895 | D:4      | 2895 ||| INVOKING Berserk.
  2902 | D:4      | Killed Sigmund
  3267 | D:4      | Noticed Eustachio
  3271 | D:4      | 3271 ||| INVOKING Berserk.
  3277 | D:4      | Killed Eustachio
  3278 | D:4      | Reached skill level 9 in Axes
  3278 | D:4      | Reached XP level 7. HP: 60/60 MP: 6/6
  3632 | D:4      | 3632 ||| UPGRADING to +0 chain mail.
  3642 | D:4      | 3642 ||| DROPPING +0 scale mail.
  3643 | D:4      | 3643 ||| UPGRADING to +6 ring of dexterity.
  3644 | D:4      | 3644 ||| UPGRADING to ring of protection from fire.
  3645 | D:4      | 3645 ||| READING 2 scrolls of identify.
  3645 | D:4      | 3645 ||| IDENTIFYING ruby potion
  3655 | D:5      | Entered Level 5 of the Dungeon
  3659 | D:5      | 3659 ||| INVOKING Berserk.
  3666 | D:5      | Reached skill level 5 in Fighting
  3854 | D:5      | 3854 ||| Stepping ~*~*~tactically~*~*~ (stealth).
  3855 | D:5      | 3855 ||| Stepping ~*~*~tactically~*~*~ (stealth).
  3856 | D:5      | 3856 ||| INVOKING Berserk.
  4014 | D:5      | 4014 ||| INVOKING Berserk.
  4424 | D:5      | Identified the +0 pair of gloves of Syciot {-Tele rN++}
  4433 | D:5      | Reached skill level 1 in Throwing
  4433 | D:5      | Reached XP level 8. HP: 68/69 MP: 7/7
  4610 | D:5      | 4610 ||| DROPPING orb of mayhem.
  4611 | D:5      | 4611 ||| UPGRADING to +0 buckler.
  4616 | D:5      | 4616 ||| UPGRADING to +0 kite shield.
  4626 | D:5      | 4626 ||| DROPPING +0 buckler.
  4627 | D:5      | 4627 ||| READING scroll labelled FIERAA AL ZUU.
  4628 | D:5      | 4628 ||| READING scroll labelled OHYPRO QEAWO.
  4629 | D:5      | 4629 ||| DRINKING 2 bubbling pink potions.
  4630 | D:5      | 4630 ||| DRINKING 2 sapphire potions.
  4631 | D:5      | 4631 ||| READING 6 scrolls of identify.
  4631 | D:5      | 4631 ||| IDENTIFYING glowing emerald potion
  4632 | D:5      | 4632 ||| DROPPING potion of magic.
  4633 | D:5      | 4633 ||| DROPPING potion of attraction.
  4634 | D:5      | 4634 ||| DROPPING potion of brilliance.
  4635 | D:5      | 4635 ||| READING scroll of teleportation.
  4671 | D:6      | 4671 ||| STAIRDANCE
  4676 | D:5      | 4676 ||| INVOKING Berserk.
  4677 | D:5      | Reached skill level 1 in Shields
  4875 | D:6      | 4875 ||| STAIRDANCE
  4877 | D:5      | 4877 ||| INVOKING Berserk.
  4882 | D:5      | Reached skill level 3 in Shields
  5091 | D:6      | 5091 ||| STAIRDANCE
  5577 | D:6      | Found a shimmering blue altar of Sif Muna.
  5608 | D:6      | Found a staircase to the Ecumenical Temple.
  5618 | D:6      | 5618 ||| INVOKING Berserk.
  5621 | D:6      | Reached skill level 6 in Shields
  5634 | D:6      | 5634 ||| Stepping ~*~*~tactically~*~*~ (stealth).
  5636 | D:6      | 5636 ||| Stepping ~*~*~tactically~*~*~ (stealth).
  5692 | D:6      | 5692 ||| Stepping ~*~*~tactically~*~*~ (stealth).
  5697 | D:6      | 5697 ||| INVOKING Berserk.
  5706 | D:6      | Reached skill level 6 in Fighting
  5715 | D:6      | 5715 ||| Stepping ~*~*~tactically~*~*~ (stealth).
  5716 | D:6      | 5716 ||| Stepping ~*~*~tactically~*~*~ (stealth).
  5729 | D:6      | Reached skill level 3 in Dodging
  6059 | D:6      | Reached XP level 9. HP: 46/78 MP: 8/8
  6213 | D:6      | 6213 ||| INVOKING Berserk.
  6438 | D:6      | 6438 ||| INVOKING Berserk.
  6620 | D:6      | Noticed Grinder
  6621 | D:6      | 6621 ||| Stepping ~*~*~tactically~*~*~ (hiding).
  6624 | D:6      | 6624 ||| INVOKING Trog's Hand.
  6625 | D:6      | 6625 ||| INVOKING Berserk.
  6628 | D:6      | Killed Grinder
  6762 | D:6      | 6762 ||| UPGRADING to +0 pair of boots.
  6767 | D:6      | 6767 ||| UPGRADING to amulet of guardian spirit.
  6772 | D:6      | 6772 ||| READING scroll labelled GAODIJAHAAG.
  6773 | D:6      | 6773 ||| READING 6 scrolls of identify.
  6773 | D:6      | 6773 ||| IDENTIFYING purple potion
  6858 | D:7      | 6858 ||| Stepping ~*~*~tactically~*~*~ (stealth).
  6993 | D:7      | 6993 ||| Stepping ~*~*~tactically~*~*~ (hiding).
  6998 | D:7      | 6998 ||| INVOKING Berserk.
  7014 | D:7      | 7014 ||| Stepping ~*~*~tactically~*~*~ (stealth).
  7015 | D:7      | 7015 ||| Stepping ~*~*~tactically~*~*~ (stealth).
  7153 | D:7      | 7153 ||| INVOKING Berserk.
  7155 | D:7      | Reached skill level 12 in Axes
  7183 | D:7      | 7183 ||| Stepping ~*~*~tactically~*~*~ (hiding).
  7624 | D:7      | Reached skill level 7 in Fighting
  7927 | D:7      | 7927 ||| UPGRADING to +0 plate armour.
  7937 | D:7      | 7937 ||| DROPPING +0 chain mail.
  7938 | D:7      | 7938 ||| UPGRADING to +0 cloak.
  7943 | D:7      | 7943 ||| READING scroll labelled DOINAF NEUFEWURR.
  8021 | D:8      | 8021 ||| INVOKING Berserk.
  8210 | D:8      | Noticed Pikel
  8217 | D:8      | 8217 ||| INVOKING Berserk.
  8221 | D:8      | Killed Pikel
  8222 | D:8      | Reached skill level 6 in Armour
  8228 | D:8      | Reached XP level 10. HP: 86/86 MP: 9/9
  8359 | D:8      | 8359 ||| Stepping ~*~*~tactically~*~*~ (stealth).
  8366 | D:8      | 8366 ||| FLEEEEING.
  8368 | D:8      | 8368 ||| FLEEEEING.
  8370 | D:8      | 8370 ||| FLEEEEING.
  8371 | D:8      | 8371 ||| FLEEEEING.
  8372 | D:8      | 8372 ||| FLEEEEING.
  8373 | D:8      | 8373 ||| FLEEEEING.
  8374 | D:8      | 8374 ||| FLEEEEING.
  8375 | D:8      | 8375 ||| FLEEEEING.
  8376 | D:8      | 8376 ||| FLEEEEING.
  8377 | D:8      | 8377 ||| FLEEEEING.
  8383 | D:8      | 8383 ||| FLEEEEING.
  8387 | D:8      | 8387 ||| FLEEEEING.
  8388 | D:8      | 8388 ||| FLEEEEING.
  8389 | D:8      | 8389 ||| FLEEEEING.
  8390 | D:8      | 8390 ||| FLEEEEING.
  8391 | D:8      | 8391 ||| FLEEEEING.
  8392 | D:8      | 8392 ||| FLEEEEING.
  8393 | D:8      | 8393 ||| FLEEEEING.
  8394 | D:8      | 8394 ||| FLEEEEING.
  8396 | D:8      | 8396 ||| FLEEEEING.
  8397 | D:8      | 8397 ||| FLEEEEING.
  8398 | D:8      | 8398 ||| FLEEEEING.
  8400 | D:8      | 8400 ||| FLEEEEING.
  8401 | D:8      | 8401 ||| FLEEEEING.
  8402 | D:8      | 8402 ||| FLEEEEING.
  8403 | D:8      | 8403 ||| STAIRDANCE
  8455 | D:7      | 8455 ||| READING 6 scrolls of identify.
  8455 | D:7      | 8455 ||| IDENTIFYING glowing purple potion
  8456 | D:7      | 8456 ||| READING 5 scrolls of identify.
  8456 | D:7      | 8456 ||| IDENTIFYING coppery potion
  8457 | D:7      | 8457 ||| DROPPING potion of berserk rage.
  8458 | D:7      | 8458 ||| DROPPING potion of degeneration.
  8559 | D:8      | Found a hazy altar of Hepliaklqana.
  8600 | D:8      | 8600 ||| SWAPPING to +5 war axe.
  8601 | D:8      | 8601 ||| DROPPING +2 flail of protection.
  8602 | D:8      | 8602 ||| DROPPING +0 hand axe of chaos.
  8629 | D:8      | Noticed Grum
  8633 | D:8      | 8633 ||| INVOKING Berserk.
  8635 | D:8      | Reached skill level 9 in Shields
  8645 | D:8      | Killed Grum
  8893 | D:8      | 8893 ||| READING scroll labelled QUINYA QURRO.
  9212 | D:9      | 9212 ||| Stepping ~*~*~tactically~*~*~ (stealth).
  9214 | D:9      | 9214 ||| Stepping ~*~*~tactically~*~*~ (stealth).
  9219 | D:9      | 9219 ||| Stepping ~*~*~tactically~*~*~ (stealth).
  9222 | D:9      | 9222 ||| Stepping ~*~*~tactically~*~*~ (stealth).
  9225 | D:9      | 9225 ||| Stepping ~*~*~tactically~*~*~ (stealth).
  9226 | D:9      | 9226 ||| Stepping ~*~*~tactically~*~*~ (hiding).
  9317 | D:9      | 9317 ||| Stepping ~*~*~tactically~*~*~ (stealth).
  9331 | D:9      | 9331 ||| INVOKING Berserk.
  9570 | D:9      | Found a staircase to the Lair.
  9571 | D:9      | 9571 ||| INVOKING Berserk.
  9574 | D:9      | Reached skill level 8 in Fighting
  9701 | D:9      | Noticed a rakshasa
  9702 | D:9      | 9702 ||| Stepping ~*~*~tactically~*~*~ (hiding).
  9703 | D:9      | 9703 ||| Stepping ~*~*~tactically~*~*~ (hiding).
  9718 | D:9      | 9718 ||| INVOKING Berserk.
  9718 | D:9      | HP: 23/132 [rakshasa (illusionary)/+0 whip (14)]
  9722 | D:9      | Killed a rakshasa
 10303 | D:9      | 10303 ||| INVOKING Berserk.
 10508 | D:9      | 10508 ||| INVOKING Berserk.
 10508 | D:9      | Noticed a cyan ugly thing
 10509 | D:9      | Noticed a wizard
 10511 | D:9      | Noticed a two-headed ogre
 10521 | D:9      | Killed a cyan ugly thing
 10522 | D:9      | Reached XP level 11. HP: 94/94 MP: 8/10
 10523 | D:9      | Killed a two-headed ogre
 10525 | D:9      | Killed a wizard
 10610 | D:9      | Noticed a wolf spider
 10610 | D:9      | Noticed a great orb of eyes
 10611 | D:9      | 10611 ||| INVOKING Trog's Hand.
 10613 | D:9      | 10613 ||| INVOKING Berserk.
 10614 | D:9      | Killed a wolf spider
 10616 | D:9      | Noticed a centaur warrior
 10618 | D:9      | Killed a great orb of eyes
 10624 | D:9      | Killed a centaur warrior
 10625 | D:9      | Reached skill level 15 in Axes
 10634 | D:9      | Noticed a boulder beetle
 10635 | D:9      | 10635 ||| Stepping ~*~*~tactically~*~*~ (stealth).
 10660 | D:9      | 10660 ||| INVOKING Berserk.
 10673 | D:9      | Killed a boulder beetle
 10798 | D:9      | Identified the +3 flail of Generosity {vorpal, rCorr}
 10949 | D:9      | 10949 ||| PLANNING LAIR
 10949 | D:9      | 10949 ||| UPGRADING to ring of protection from cold.
 10951 | D:9      | 10951 ||| READING scroll labelled ZAXE TISEME.
 11117 | D:9      | 11117 ||| READING 5 scrolls of identify.
 11117 | D:9      | 11117 ||| IDENTIFYING green potion
 11161 | Lair:1   | Entered Level 1 of the Lair of Beasts
 11166 | Lair:1   | 11166 ||| Stepping ~*~*~tactically~*~*~ (water).
 11167 | Lair:1   | 11167 ||| INVOKING Berserk.
 11172 | Lair:1   | Reached skill level 9 in Fighting
 11345 | Lair:1   | 11345 ||| INVOKING Berserk.
 11582 | Lair:1   | 11582 ||| INVOKING Berserk.
 11866 | Lair:1   | 11866 ||| READING scroll of brand weapon.
 11866 | Lair:1   | 11866 ||| BRANDING +5 war axe.
 12119 | Lair:1   | 12119 ||| READING scroll labelled YMMOATHR QAXAAC.
 12238 | Lair:2   | 12238 ||| INVOKING Berserk.
 12347 | Lair:2   | 12347 ||| READING scroll of enchant armour.
 12347 | Lair:2   | 12347 ||| ENCHANTING +0 pair of boots.
 12381 | Lair:2   | 12381 ||| FLEEEEING.
 12382 | Lair:2   | 12382 ||| FLEEEEING.
 12383 | Lair:2   | 12383 ||| FLEEEEING.
 12384 | Lair:2   | 12384 ||| FLEEEEING.
 12385 | Lair:2   | 12385 ||| FLEEEEING.
 12386 | Lair:2   | 12386 ||| FLEEEEING.
 12387 | Lair:2   | 12387 ||| FLEEEEING.
 12388 | Lair:2   | 12388 ||| FLEEEEING.
 12389 | Lair:2   | 12389 ||| FLEEEEING.
 12390 | Lair:2   | 12390 ||| FLEEEEING.
 12391 | Lair:2   | 12391 ||| FLEEEEING.
 12392 | Lair:2   | 12392 ||| FLEEEEING.
 12393 | Lair:2   | 12393 ||| FLEEEEING.
 12394 | Lair:2   | 12394 ||| FLEEEEING.
 12395 | Lair:2   | 12395 ||| FLEEEEING.
 12396 | Lair:2   | 12396 ||| FLEEEEING.
 12397 | Lair:2   | 12397 ||| FLEEEEING.
 12402 | Lair:2   | 12402 ||| INVOKING Berserk.
 12409 | Lair:2   | Reached skill level 10 in Fighting
 12416 | Lair:2   | Reached **** piety under Trog
 12422 | Lair:2   | Noticed a dire elephant
 12435 | Lair:2   | Killed a dire elephant
 12436 | Lair:2   | Reached skill level 9 in Armour
 12436 | Lair:2   | Reached XP level 12. HP: 63/106 MP: 7/11
 12641 | Lair:2   | Found a shimmering altar of Xom.
 12956 | Lair:2   | 12956 ||| Stepping ~*~*~tactically~*~*~ (stealth).
 12958 | Lair:2   | 12958 ||| Stepping ~*~*~tactically~*~*~ (stealth).
 12965 | Lair:2   | 12965 ||| INVOKING Berserk.
 12977 | Lair:2   | Reached skill level 3 in Throwing
 13434 | Lair:2   | 13434 ||| UPGRADING to +2 hat.
 13439 | Lair:2   | 13439 ||| DROPPING amulet of faith.
 13440 | Lair:2   | 13440 ||| DRINKING 2 puce potions.
 13440 | Lair:2   | Gained mutation: You occasionally lose the ability to drink
                  | potions when taking damage. [potion of mutation]
 13440 | Lair:2   | Gained mutation: Your flesh is cold resistant. (rC+)
                  | [potion of mutation]
 13441 | Lair:2   | 13441 ||| DRINKING potion of mutation.
 13441 | Lair:2   | Lost mutation: You occasionally lose the ability to drink
                  | potions when taking damage. [potion of mutation]
 13441 | Lair:2   | Lost mutation: Your flesh is cold resistant. (rC+) [potion
                  | of mutation]
 13441 | Lair:2   | Gained mutation: You have large cloven feet. [potion of
                  | mutation]
 13441 | Lair:2   | Gained mutation: Your natural rate of healing is unusually
                  | fast. [potion of mutation]
 13533 | Lair:3   | Found a staircase to the Shoals.
 13604 | Lair:3   | 13604 ||| Stepping ~*~*~tactically~*~*~ (stealth).
 13605 | Lair:3   | 13605 ||| INVOKING Berserk.
 13802 | Lair:3   | Reached skill level 11 in Fighting
 13804 | Lair:3   | 13804 ||| INVOKING Berserk.
 13982 | Lair:3   | Found a runed translucent door.
 13984 | Lair:3   | Noticed qw's ghost (journeyman MiBe)
 14016 | Lair:3   | 14016 ||| Stepping ~*~*~tactically~*~*~ (stealth).
 14027 | Lair:3   | 14027 ||| Stepping ~*~*~tactically~*~*~ (stealth).
 14044 | Lair:3   | Found a hole to the Spider Nest.
 14526 | Lair:3   | 14526 ||| UPGRADING to ring of see invisible.
 14528 | Lair:3   | 14528 ||| READING scroll labelled NIYLE QOUST.
 14529 | Lair:3   | 14529 ||| Stepping ~*~*~tactically~*~*~ (stealth).
 14599 | Lair:4   | Reached skill level 12 in Shields
 14619 | Lair:4   | Noticed a seven-headed hydra
 14620 | Lair:4   | 14620 ||| FLEEEEING.
 14621 | Lair:4   | 14621 ||| FLEEEEING.
 14622 | Lair:4   | 14622 ||| FLEEEEING.
 14631 | Lair:4   | 14631 ||| STAIRDANCE
 14716 | Lair:4   | 14716 ||| INVOKING Brothers in Arms.
 14717 | Lair:4   | 14717 ||| INVOKING Brothers in Arms.
 14719 | Lair:4   | 14719 ||| SWAPPING to +3 morningstar of freezing.
 14721 | Lair:4   | 14721 ||| INVOKING Berserk.
 14722 | Lair:4   | Killed a seven-headed hydra
 14730 | Lair:4   | 14730 ||| SWAPPING to +5 vorpal war axe.
 14954 | Lair:4   | Identified the +5 dagger of Sunlight {speed, rC++ rN+
                  | Int+2}
 14967 | Lair:4   | 14967 ||| Stepping ~*~*~tactically~*~*~ (stealth).
 14972 | Lair:4   | Reached skill level 12 in Fighting
 15252 | Lair:4   | 15252 ||| Stepping ~*~*~tactically~*~*~ (stealth).
 15253 | Lair:4   | 15253 ||| Stepping ~*~*~tactically~*~*~ (stealth).
 15269 | Lair:4   | 15269 ||| INVOKING Berserk.
 15295 | Lair:4   | 15295 ||| Stepping ~*~*~tactically~*~*~ (stealth).
 15332 | Lair:4   | Noticed an alligator
 15333 | Lair:4   | Noticed a seven-headed hydra
 15333 | Lair:4   | Noticed a seven-headed hydra
 15334 | Lair:4   | 15334 ||| INVOKING Brothers in Arms.
 15335 | Lair:4   | 15335 ||| INVOKING Brothers in Arms.
 15337 | Lair:4   | 15337 ||| INVOKING Berserk.
 15342 | Lair:4   | Killed an alligator
 15344 | Lair:4   | HP: 37/168 [11-headed hydra (6)]
 15345 | Lair:4   | Reached XP level 13. HP: 32/118 MP: 3/12
 15346 | Lair:4   | HP: 17/177 [13-headed hydra (8)]
 15346 | Lair:4   | HP: 7/177 [13-headed hydra (10)]
 15423 | Lair:4   | 15423 ||| FLEEEEING.
 15424 | Lair:4   | 15424 ||| FLEEEEING.
 15425 | Lair:4   | 15425 ||| FLEEEEING.
 15479 | Lair:4   | 15479 ||| Stepping ~*~*~tactically~*~*~ (hiding).
 15494 | Lair:4   | 15494 ||| INVOKING Brothers in Arms.
 15495 | Lair:4   | 15495 ||| INVOKING Brothers in Arms.
 15498 | Lair:4   | 15498 ||| INVOKING Brothers in Arms.
 15499 | Lair:4   | 15499 ||| INVOKING Brothers in Arms.
 15500 | Lair:4   | 15500 ||| INVOKING Brothers in Arms.
 15505 | Lair:4   | 15505 ||| INVOKING Brothers in Arms.
 15506 | Lair:4   | 15506 ||| SWAPPING to +3 morningstar of freezing.
 15507 | Lair:4   | 15507 ||| INVOKING Berserk.
 15516 | Lair:4   | Reached skill level 13 in Fighting
 15521 | Lair:4   | 15521 ||| SWAPPING to +5 vorpal war axe.
 15891 | Lair:4   | 15891 ||| INVOKING Berserk.
 16202 | Lair:4   | 16202 ||| UPGRADING to +0 pair of gloves.
 16207 | Lair:4   | 16207 ||| READING scroll labelled FUTOATWAANY.
 16213 | Lair:5   | Entered Level 5 of the Lair of Beasts
 16216 | Lair:5   | 16216 ||| STAIRDANCE
 16225 | Lair:5   | 16225 ||| STAIRDANCE
 16238 | Lair:4   | Reached skill level 12 in Armour
 16245 | Lair:5   | 16245 ||| STAIRDANCE
 16260 | Lair:5   | 16260 ||| INVOKING Berserk.
 16290 | Lair:5   | 16290 ||| FLEEEEING.
 16291 | Lair:5   | 16291 ||| STAIRDANCE
 16396 | Lair:5   | 16396 ||| STAIRDANCE
 16408 | Lair:5   | 16408 ||| Stepping ~*~*~tactically~*~*~ (stealth).
 16409 | Lair:5   | 16409 ||| Stepping ~*~*~tactically~*~*~ (stealth).
 16416 | Lair:5   | 16416 ||| Stepping ~*~*~tactically~*~*~ (hiding).
 16417 | Lair:5   | 16417 ||| Stepping ~*~*~tactically~*~*~ (stealth).
 16418 | Lair:5   | 16418 ||| Stepping ~*~*~tactically~*~*~ (hiding).
 16422 | Lair:5   | 16422 ||| INVOKING Berserk.
 16590 | Lair:5   | Noticed qw's ghost (journeyman MiBe)
 16611 | Lair:5   | 16611 ||| Stepping ~*~*~tactically~*~*~ (stealth).
 16614 | Lair:5   | 16614 ||| INVOKING Brothers in Arms.
 16615 | Lair:5   | 16615 ||| SWAPPING to +3 morningstar of freezing.
 16616 | Lair:5   | 16616 ||| SWAPPING to +6 vorpal war axe.
 16618 | Lair:5   | 16618 ||| SWAPPING to +3 morningstar of freezing.
 16619 | Lair:5   | 16619 ||| INVOKING Berserk.
 16627 | Lair:5   | 16627 ||| SWAPPING to +6 vorpal war axe.
 16740 | Lair:5   | Identified the +10 falchion of the Thirsty Xenops
                  | {antimagic, Str+2 Dex+7 Stlth+}
 16751 | Lair:5   | 16751 ||| Stepping ~*~*~tactically~*~*~ (hiding).
 16755 | Lair:5   | 16755 ||| Stepping ~*~*~tactically~*~*~ (hiding).
 16759 | Lair:5   | 16759 ||| DRINKING potion of cancellation.
 16947 | Lair:5   | 16947 ||| INVOKING Berserk.
 17083 | Lair:5   | 17083 ||| Stepping ~*~*~tactically~*~*~ (hiding).
 17085 | Lair:5   | 17085 ||| Stepping ~*~*~tactically~*~*~ (hiding).
 17292 | Lair:5   | 17292 ||| INVOKING Berserk.
 17435 | Lair:5   | 17435 ||| INVOKING Berserk.
 17457 | Lair:5   | Reached skill level 6 in Dodging
 17590 | Lair:5   | 17590 ||| INVOKING Berserk.
 17637 | Lair:5   | 17637 ||| Stepping ~*~*~tactically~*~*~ (stealth).
 17672 | Lair:5   | 17672 ||| Stepping ~*~*~tactically~*~*~ (stealth).
 17673 | Lair:5   | 17673 ||| Stepping ~*~*~tactically~*~*~ (stealth).
 17674 | Lair:5   | 17674 ||| Stepping ~*~*~tactically~*~*~ (stealth).
 17715 | Lair:5   | Reached skill level 14 in Fighting
 17719 | Lair:5   | 17719 ||| Stepping ~*~*~tactically~*~*~ (hiding).
 17935 | Lair:5   | Reached XP level 14. HP: 132/132 MP: 11/13
 17944 | Lair:5   | Found a corrupted altar of Lugonu.
 17944 | Lair:5   | Found a one-way gate to the infinite horrors of the Abyss.
 17949 | Lair:5   | Identified the amulet "Joedgh" {Acrobat Str+4}
 17955 | Lair:5   | Identified the ring "Legauf" {rF+ MP+9 Str-2 Stlth+}
 18019 | Lair:5   | 18019 ||| READING scroll of enchant armour.
 18019 | Lair:5   | 18019 ||| ENCHANTING +0 pair of gloves.
 18208 | Lair:5   | Found a transporter.
 18208 | Lair:5   | Found a transporter.
 18377 | Lair:5   | Found a staircase to the Slime Pits.
 18379 | Lair:5   | Found a viscous altar of Jiyva.
 18560 | Lair:5   | 18560 ||| PLANNING D:1-11
 18560 | Lair:5   | 18560 ||| DROPPING +0 pair of gloves of Syciot {-Tele
                  | rN++}.
 18561 | Lair:5   | 18561 ||| UPGRADING to amulet "Joedgh" {Acrobat Str+4}.
 18571 | Lair:5   | 18571 ||| DROPPING amulet of guardian spirit.
 18693 | D:10     | Entered Level 10 of the Dungeon
 18724 | D:10     | 18724 ||| Stepping ~*~*~tactically~*~*~ (stealth).
 18738 | D:10     | 18738 ||| READING scroll of enchant weapon.
 18738 | D:10     | 18738 ||| ENCHANTING +6 vorpal war axe.
 18796 | D:10     | 18796 ||| Stepping ~*~*~tactically~*~*~ (stealth).
 18883 | D:10     | 18883 ||| Stepping ~*~*~tactically~*~*~ (hiding).
 18893 | D:10     | 18893 ||| Stepping ~*~*~tactically~*~*~ (hiding).
 18913 | D:10     | 18913 ||| DROPPING +3 morningstar of freezing.
 19033 | D:10     | 19033 ||| Stepping ~*~*~tactically~*~*~ (stealth).
 19167 | D:10     | 19167 ||| READING scroll of enchant armour.
 19167 | D:10     | 19167 ||| ENCHANTING +1 pair of gloves.
 19405 | D:10     | Noticed Amaemon
 19415 | D:10     | Killed Amaemon
 19643 | D:11     | 19643 ||| Stepping ~*~*~tactically~*~*~ (hiding).
 19644 | D:11     | 19644 ||| Stepping ~*~*~tactically~*~*~ (hiding).
 19645 | D:11     | 19645 ||| Stepping ~*~*~tactically~*~*~ (hiding).
 19655 | D:11     | Reached ***** piety under Trog
 19730 | D:11     | 19730 ||| Stepping ~*~*~tactically~*~*~ (stealth).
 19741 | D:11     | Reached skill level 15 in Fighting
 19820 | D:11     | 19820 ||| READING scroll of enchant armour.
 19820 | D:11     | 19820 ||| ENCHANTING +1 pair of boots.
 19888 | D:11     | 19888 ||| Stepping ~*~*~tactically~*~*~ (stealth).
 19891 | D:11     | 19891 ||| Stepping ~*~*~tactically~*~*~ (stealth).
 19905 | D:11     | 19905 ||| Stepping ~*~*~tactically~*~*~ (stealth).
 19906 | D:11     | 19906 ||| Stepping ~*~*~tactically~*~*~ (hiding).
 19913 | D:11     | 19913 ||| Stepping ~*~*~tactically~*~*~ (stealth).
 19923 | D:11     | 19923 ||| Stepping ~*~*~tactically~*~*~ (stealth).
 19929 | D:11     | Received a gift from Trog
 19950 | D:11     | 19950 ||| DROPPING +2 war axe.
 19998 | D:11     | Found a runed translucent gate.
 19999 | D:11     | Found a runed translucent gate.
 19999 | D:11     | Found an opulent altar of Gozag.
 20000 | D:11     | Found a runed translucent gate.
 20003 | D:11     | Noticed xzight's ghost (journeyman MiBe)
 20007 | D:11     | Noticed an orc warlord
 20073 | D:11     | Identified the +7 battleaxe of the Twisting Stork {venom,
                  | rElec}
 20248 | D:11     | 20248 ||| PLANNING D
 20264 | D:12     | 20264 ||| INVOKING Brothers in Arms.
 20265 | D:12     | 20265 ||| INVOKING Berserk.
 20408 | D:12     | 20408 ||| INVOKING Brothers in Arms.
 20410 | D:12     | 20410 ||| INVOKING Berserk.
 20653 | D:12     | Found a runed translucent gate.
 20654 | D:12     | Found a runed translucent gate.
 20654 | D:12     | Found a runed translucent gate.
 20660 | D:12     | Found Ojumuv's Armour Boutique.
 20666 | D:12     | 20666 ||| BUYING +4 chain mail of poison resistance (456
                  | gold).
 20666 | D:12     | Bought a +4 chain mail of poison resistance for 456 gold
                  | pieces
 20934 | D:12     | Noticed Gauc's ghost (journeyman HOFi)
 20990 | D:12     | Found a staircase to the Orcish Mines.
 21078 | D:12     | Identified the +9 rapier of the Sea {holy, Drain rF++ Str+2
                  | Dex-3}
 21083 | D:12     | 21083 ||| Stepping ~*~*~tactically~*~*~ (hiding).
 21374 | D:12     | 21374 ||| FLEEEEING.
 21375 | D:12     | 21375 ||| FLEEEEING.
 21376 | D:12     | 21376 ||| FLEEEEING.
 21377 | D:12     | 21377 ||| FLEEEEING.
 21378 | D:12     | 21378 ||| FLEEEEING.
 21379 | D:12     | 21379 ||| FLEEEEING.
 21380 | D:12     | 21380 ||| FLEEEEING.
 21381 | D:12     | 21381 ||| FLEEEEING.
 21469 | D:12     | 21469 ||| Stepping ~*~*~tactically~*~*~ (hiding).
 21470 | D:12     | 21470 ||| Stepping ~*~*~tactically~*~*~ (hiding).
 21716 | D:12     | Reached skill level 15 in Shields
 21760 | D:12     | 21760 ||| UPGRADING to +4 chain mail of poison resistance.
 21770 | D:12     | 21770 ||| DROPPING +0 plate armour.
 21809 | D:13     | 21809 ||| INVOKING Brothers in Arms.
 21811 | D:13     | 21811 ||| Stepping ~*~*~tactically~*~*~ (cloud).
 21812 | D:13     | 21812 ||| SWAPPING to +2 hand axe of flaming.
 21814 | D:13     | 21814 ||| INVOKING Berserk.
 21820 | D:13     | 21820 ||| SWAPPING to +7 vorpal war axe.
 21973 | D:13     | Found a sacrificial altar of Ru.
 22375 | D:13     | 22375 ||| DROPPING +2 hat.
 22376 | D:13     | 22376 ||| READING scroll labelled CEURGH YWIARYGOLIB.
 22405 | D:14     | Noticed Urug
 22405 | D:14     | Noticed Rupert
 22405 | D:14     | Found a gate to the Vaults.
 22406 | D:14     | 22406 ||| INVOKING Trog's Hand.
 22407 | D:14     | 22407 ||| STAIRDANCE
 22414 | D:14     | 22414 ||| STAIRDANCE
 22416 | D:13     | 22416 ||| INVOKING Berserk.
 22423 | D:13     | Killed Urug
 22536 | D:14     | 22536 ||| STAIRDANCE
 22538 | D:13     | 22538 ||| INVOKING Trog's Hand.
 22539 | D:13     | 22539 ||| INVOKING Berserk.
 22554 | D:13     | Killed Rupert
 22612 | D:14     | 22612 ||| STAIRDANCE
 22643 | D:14     | Reached skill level 6 in Throwing
 22733 | D:14     | 22733 ||| FLEEEEING.
 22734 | D:14     | 22734 ||| FLEEEEING.
 22735 | D:14     | 22735 ||| FLEEEEING.
 22736 | D:14     | 22736 ||| FLEEEEING.
 22737 | D:14     | 22737 ||| FLEEEEING.
 22738 | D:14     | 22738 ||| FLEEEEING.
 22739 | D:14     | 22739 ||| FLEEEEING.
 22740 | D:14     | 22740 ||| FLEEEEING.
 22741 | D:14     | 22741 ||| FLEEEEING.
 22742 | D:14     | 22742 ||| FLEEEEING.
 22745 | D:14     | 22745 ||| FLEEEEING.
 22746 | D:14     | 22746 ||| FLEEEEING.
 22747 | D:14     | 22747 ||| FLEEEEING.
 22748 | D:14     | 22748 ||| FLEEEEING.
 22749 | D:14     | 22749 ||| FLEEEEING.
 22752 | D:14     | 22752 ||| FLEEEEING.
 22755 | D:14     | 22755 ||| INVOKING Berserk.
 22770 | D:14     | Reached skill level 16 in Fighting
 22779 | D:14     | Reached XP level 15. HP: 144/144 MP: 14/14
 22791 | D:14     | 22791 ||| INVOKING Brothers in Arms.
 22935 | D:14     | 22935 ||| READING scroll of brand weapon.
 22935 | D:14     | 22935 ||| BRANDING +7 vorpal war axe.
 22948 | D:14     | 22948 ||| READING scroll of enchant weapon.
 22948 | D:14     | 22948 ||| ENCHANTING +7 spectral war axe.
 22952 | D:14     | 22952 ||| Stepping ~*~*~tactically~*~*~ (cloud).
 22958 | D:14     | 22958 ||| Stepping ~*~*~tactically~*~*~ (cloud).
 22959 | D:14     | 22959 ||| Stepping ~*~*~tactically~*~*~ (cloud).
 22960 | D:14     | 22960 ||| Stepping ~*~*~tactically~*~*~ (cloud).
 23194 | D:14     | Found a white marble altar of Elyvilon.
 23399 | D:14     | Found a runed translucent gate.
 23400 | D:14     | Found a runed translucent gate.
 23400 | D:14     | Noticed Laowois's ghost (journeyman MiBe)
 23401 | D:14     | Found a runed translucent gate.
 23401 | D:14     | Noticed Pios Xaciraj's ghost (journeyman DgHW)
 23403 | D:14     | Noticed qw's ghost (journeyman MiBe)
 23403 | D:14     | Noticed Pios Xaciraj's ghost (journeyman DgHW)
 23569 | D:14     | 23569 ||| DROPPING amulet of the acrobat.
 23594 | D:15     | Entered Level 15 of the Dungeon
 23604 | D:15     | Found a staircase to the Depths.
 23609 | D:15     | 23609 ||| INVOKING Berserk.
 23638 | D:15     | Reached skill level 17 in Fighting
 23735 | D:15     | 23735 ||| INVOKING Brothers in Arms.
 23737 | D:15     | 23737 ||| SWAPPING to +2 hand axe of flaming.
 23742 | D:15     | 23742 ||| SWAPPING to +8 spectral war axe.
 23779 | D:15     | 23779 ||| Stepping ~*~*~tactically~*~*~ (stealth).
 23782 | D:15     | 23782 ||| INVOKING Trog's Hand.
 23783 | D:15     | 23783 ||| SWAPPING to +2 hand axe of flaming.
 23788 | D:15     | 23788 ||| INVOKING Berserk.
 23797 | D:15     | Gained mutation: You are clumsy. (Dex -2) [a neqoxec]
 23812 | D:15     | 23812 ||| Stepping ~*~*~tactically~*~*~ (stealth).
 23813 | D:15     | 23813 ||| SWAPPING to +8 spectral war axe.
 23816 | D:15     | 23816 ||| FLEEEEING.
 23817 | D:15     | 23817 ||| FLEEEEING.
 23818 | D:15     | 23818 ||| FLEEEEING.
 23819 | D:15     | 23819 ||| FLEEEEING.
 23820 | D:15     | 23820 ||| FLEEEEING.
 23821 | D:15     | 23821 ||| STAIRDANCE
 24037 | D:15     | 24037 ||| Stepping ~*~*~tactically~*~*~ (stealth).
 24045 | D:15     | 24045 ||| Stepping ~*~*~tactically~*~*~ (stealth).
 24050 | D:15     | 24050 ||| Stepping ~*~*~tactically~*~*~ (stealth).
 24051 | D:15     | 24051 ||| Stepping ~*~*~tactically~*~*~ (stealth).
 24052 | D:15     | 24052 ||| Stepping ~*~*~tactically~*~*~ (stealth).
 24228 | D:15     | 24228 ||| INVOKING Berserk.
 24405 | D:15     | 24405 ||| Stepping ~*~*~tactically~*~*~ (stealth).
 24407 | D:15     | 24407 ||| Stepping ~*~*~tactically~*~*~ (stealth).
 24412 | D:15     | 24412 ||| INVOKING Berserk.
 24784 | D:15     | 24784 ||| Stepping ~*~*~tactically~*~*~ (stealth).
 24786 | D:15     | 24786 ||| Stepping ~*~*~tactically~*~*~ (stealth).
 24794 | D:15     | Reached skill level 9 in Throwing
 24822 | D:15     | Found a bloodstained altar of Trog.
 24963 | D:15     | 24963 ||| Stepping ~*~*~tactically~*~*~ (stealth).
 24965 | D:15     | 24965 ||| Stepping ~*~*~tactically~*~*~ (hiding).
 24970 | D:15     | 24970 ||| INVOKING Trog's Hand.
 25116 | D:15     | 25116 ||| PLANNING ORC
 25116 | D:15     | 25116 ||| DROPPING scarf of invisibility.
 25211 | Orc:1    | Entered Level 1 of the Orcish Mines
 25214 | Orc:1    | Found Noatinn's Antique Armour Shop.
 25215 | Orc:1    | 25215 ||| Stepping ~*~*~tactically~*~*~ (stealth).
 25217 | Orc:1    | 25217 ||| Stepping ~*~*~tactically~*~*~ (hiding).
 25226 | Orc:1    | 25226 ||| Stepping ~*~*~tactically~*~*~ (hiding).
 25227 | Orc:1    | 25227 ||| Stepping ~*~*~tactically~*~*~ (hiding).
 25229 | Orc:1    | Noticed Harold
 25241 | Orc:1    | Killed Harold
 25468 | Orc:2    | Entered Level 2 of the Orcish Mines
 25474 | Orc:2    | Found a shimmering altar of Xom.
 25543 | Orc:2    | 25543 ||| Stepping ~*~*~tactically~*~*~ (hiding).
 25546 | Orc:2    | 25546 ||| Stepping ~*~*~tactically~*~*~ (hiding).
 25680 | Orc:2    | 25680 ||| Stepping ~*~*~tactically~*~*~ (hiding).
 25683 | Orc:2    | 25683 ||| Stepping ~*~*~tactically~*~*~ (hiding).
 25689 | Orc:2    | 25689 ||| Stepping ~*~*~tactically~*~*~ (stealth).
 25691 | Orc:2    | 25691 ||| Stepping ~*~*~tactically~*~*~ (stealth).
 25695 | Orc:2    | 25695 ||| Stepping ~*~*~tactically~*~*~ (stealth).
 25789 | Orc:2    | 25789 ||| INVOKING Trog's Hand.
 25794 | Orc:2    | 25794 ||| INVOKING Berserk.
 25903 | Orc:2    | Found Ranah's Distillery.
 25910 | Orc:2    | 25910 ||| BUYING potion of curing (33 gold).
 25910 | Orc:2    | Bought a potion of curing for 33 gold pieces
 25910 | Orc:2    | 25910 ||| BUYING potion of curing (33 gold).
 25910 | Orc:2    | Bought a potion of curing for 33 gold pieces
 25910 | Orc:2    | 25910 ||| BUYING potion of heal wounds (55 gold).
 25910 | Orc:2    | Bought a potion of heal wounds for 55 gold pieces
 25910 | Orc:2    | 25910 ||| BUYING potion of heal wounds (55 gold).
 25910 | Orc:2    | Bought a potion of heal wounds for 55 gold pieces
 25910 | Orc:2    | 25910 ||| Stepping ~*~*~tactically~*~*~ (hiding).
 26012 | Orc:2    | 26012 ||| Stepping ~*~*~tactically~*~*~ (hiding).
 26013 | Orc:2    | 26013 ||| INVOKING Trog's Hand.
 26014 | Orc:2    | 26014 ||| INVOKING Berserk.
 26140 | Orc:2    | Found a radiant altar of Vehumet.
 26141 | Orc:2    | 26141 ||| INVOKING Trog's Hand.
 26143 | Orc:2    | 26143 ||| INVOKING Berserk.
 26155 | Orc:2    | Found Syasch Covu's Antique Weapon Boutique.
 26156 | Orc:2    | 26156 ||| INVOKING Brothers in Arms.
 26157 | Orc:2    | 26157 ||| INVOKING Brothers in Arms.
 26170 | Orc:2    | 26170 ||| INVOKING Trog's Hand.
 26175 | Orc:2    | Found an ancient bone altar of Kikubaaqudgha.
 26301 | Orc:2    | Found Foph's Magic Scroll Boutique.
 26306 | Orc:2    | 26306 ||| DRINKING 21 potions of curing.
 26306 | Orc:2    | 26306 ||| (to cure confusion)
 26331 | Orc:2    | 26331 ||| BUYING scroll of enchant weapon (75 gold).
 26331 | Orc:2    | Bought a scroll of enchant weapon for 75 gold pieces
 26331 | Orc:2    | 26331 ||| BUYING scroll of teleportation (30 gold).
 26331 | Orc:2    | Bought a scroll of teleportation for 30 gold pieces
 26331 | Orc:2    | 26331 ||| BUYING scroll of teleportation (30 gold).
 26331 | Orc:2    | Bought a scroll of teleportation for 30 gold pieces
 26331 | Orc:2    | 26331 ||| READING scroll of enchant weapon.
 26331 | Orc:2    | 26331 ||| ENCHANTING +8 spectral war axe.
 26348 | Orc:2    | 26348 ||| INVOKING Trog's Hand.
 26349 | Orc:2    | 26349 ||| INVOKING Berserk.
 26470 | Orc:2    | Found Felaqoxt's Jewellery Shop.
 26479 | Orc:2    | 26479 ||| BUYING +4 ring of evasion (612 gold).
 26479 | Orc:2    | Bought a +4 ring of evasion for 612 gold pieces
 26479 | Orc:2    | 26479 ||| SHOPLISTING +6 ring of strength (612 gold, have
                  | 368).
 26479 | Orc:2    | 26479 ||| SHOPLISTING amulet of reflection (510 gold, have
                  | 368).
 26479 | Orc:2    | 26479 ||| SHOPLISTING ring "Cionuss" {rElec Will+} (663
                  | gold, have 368).
 26479 | Orc:2    | 26479 ||| BUYING ring of poison resistance (340 gold).
 26479 | Orc:2    | Bought a ring of poison resistance for 340 gold pieces
 26640 | Orc:2    | 26640 ||| INVOKING Trog's Hand.
 26641 | Orc:2    | 26641 ||| Stepping ~*~*~tactically~*~*~ (hiding).
 26642 | Orc:2    | 26642 ||| Stepping ~*~*~tactically~*~*~ (hiding).
 26643 | Orc:2    | 26643 ||| Stepping ~*~*~tactically~*~*~ (hiding).
 26644 | Orc:2    | 26644 ||| INVOKING Berserk.
 26661 | Orc:2    | 26661 ||| INVOKING Brothers in Arms.
 26810 | Orc:2    | Found a staircase to the Elven Halls.
 26811 | Orc:2    | 26811 ||| Stepping ~*~*~tactically~*~*~ (stealth).
 26812 | Orc:2    | 26812 ||| Stepping ~*~*~tactically~*~*~ (stealth).
 26832 | Orc:2    | Found Tixera's Armour Boutique.
 27047 | Orc:2    | 27047 ||| DROPPING ring of resist corrosion.
 27048 | Orc:2    | 27048 ||| UPGRADING to +4 ring of evasion.
 27146 | Orc:1    | 27146 ||| BUYING bloodstained chain mail (247 gold).
 27146 | Orc:1    | Bought a bloodstained chain mail for 247 gold pieces
 27146 | Orc:1    | Identified the +8 chain mail "Goyluff" {rPois Slay+2} (You
                  | bought it in a shop on level 1 of the Orcish Mines)
 27146 | Orc:1    | 27146 ||| SHOPLISTING embroidered scarf (208 gold, have
                  | 190).
 27146 | Orc:1    | 27146 ||| SHOPLISTING translucent shadow dragon scales
                  | (2210 gold, have 190).
 27245 | Orc:1    | 27245 ||| Stepping ~*~*~tactically~*~*~ (hiding).
 27248 | Orc:1    | 27248 ||| Stepping ~*~*~tactically~*~*~ (hiding).
 27249 | Orc:1    | 27249 ||| Stepping ~*~*~tactically~*~*~ (hiding).
 27356 | Orc:1    | 27356 ||| Stepping ~*~*~tactically~*~*~ (stealth).
 27359 | Orc:1    | 27359 ||| Stepping ~*~*~tactically~*~*~ (stealth).
 27362 | Orc:1    | 27362 ||| Stepping ~*~*~tactically~*~*~ (hiding).
 27365 | Orc:1    | 27365 ||| Stepping ~*~*~tactically~*~*~ (hiding).
 27417 | Orc:1    | 27417 ||| INVOKING Trog's Hand.
 27420 | Orc:1    | 27420 ||| INVOKING Berserk.
 27667 | Orc:1    | Noticed Erolcha
 27668 | Orc:1    | 27668 ||| Stepping ~*~*~tactically~*~*~ (hiding).
 27674 | Orc:1    | 27674 ||| INVOKING Trog's Hand.
 27677 | Orc:1    | Killed Erolcha
 27731 | Orc:1    | 27731 ||| PLANNING SHOALS:1-3
 27731 | Orc:1    | 27731 ||| UPGRADING to +8 chain mail "Goyluff" {rPois
                  | Slay+2}.
 27741 | Orc:1    | 27741 ||| DROPPING +4 chain mail of poison resistance.
 27977 | Shoals:1 | Entered Level 1 of the Shoals
 28035 | Shoals:1 | 28035 ||| Stepping ~*~*~tactically~*~*~ (hiding).
 28037 | Shoals:1 | 28037 ||| Stepping ~*~*~tactically~*~*~ (hiding).
 28146 | Shoals:1 | Reached skill level 18 in Fighting
 28154 | Shoals:1 | 28154 ||| Stepping ~*~*~tactically~*~*~ (hiding).
 28155 | Shoals:1 | 28155 ||| Stepping ~*~*~tactically~*~*~ (hiding).
 28416 | Shoals:1 | 28416 ||| INVOKING Brothers in Arms.
 28420 | Shoals:1 | 28420 ||| INVOKING Berserk.
 28428 | Shoals:1 | Reached XP level 16. HP: 157/157 MP: 15/15
 28547 | Shoals:1 | 28547 ||| Stepping ~*~*~tactically~*~*~ (hiding).
 28549 | Shoals:1 | 28549 ||| Stepping ~*~*~tactically~*~*~ (hiding).
 28724 | Shoals:1 | 28724 ||| Stepping ~*~*~tactically~*~*~ (hiding).
 28920 | Shoals:1 | 28920 ||| INVOKING Trog's Hand.
 28921 | Shoals:1 | 28921 ||| INVOKING Brothers in Arms.
 28929 | Shoals:1 | 28929 ||| INVOKING Trog's Hand.
 29107 | Shoals:2 | Found Xixtoci's Magic Scroll Emporium.
 29149 | Shoals:2 | 29149 ||| BUYING scroll of enchant armour (97 gold).
 29149 | Shoals:2 | Bought a scroll of enchant armour for 97 gold pieces
 29149 | Shoals:2 | 29149 ||| BUYING scroll of teleportation (39 gold).
 29149 | Shoals:2 | Bought a scroll of teleportation for 39 gold pieces
 29149 | Shoals:2 | 29149 ||| BUYING scroll of teleportation (39 gold).
 29149 | Shoals:2 | Bought a scroll of teleportation for 39 gold pieces
 29149 | Shoals:2 | 29149 ||| READING scroll of enchant armour.
 29149 | Shoals:2 | 29149 ||| ENCHANTING +0 cloak.
 29155 | Shoals:2 | 29155 ||| INVOKING Trog's Hand.
 29158 | Shoals:2 | 29158 ||| INVOKING Berserk.
 29170 | Shoals:2 | Reached skill level 15 in Armour
 29349 | Shoals:2 | 29349 ||| Stepping ~*~*~tactically~*~*~ (hiding).
 29350 | Shoals:2 | 29350 ||| Stepping ~*~*~tactically~*~*~ (hiding).
 29351 | Shoals:2 | 29351 ||| Stepping ~*~*~tactically~*~*~ (hiding).
 29352 | Shoals:2 | 29352 ||| Stepping ~*~*~tactically~*~*~ (hiding).
 29620 | Shoals:2 | 29620 ||| Stepping ~*~*~tactically~*~*~ (hiding).
 29621 | Shoals:2 | 29621 ||| FLEEEEING.
 29622 | Shoals:2 | 29622 ||| FLEEEEING.
 29623 | Shoals:2 | 29623 ||| FLEEEEING.
 29625 | Shoals:2 | 29625 ||| FLEEEEING.
 29635 | Shoals:2 | 29635 ||| INVOKING Berserk.
 29656 | Shoals:2 | 29656 ||| FLEEEEING.
 29662 | Shoals:2 | 29662 ||| FLEEEEING.
 29663 | Shoals:2 | 29663 ||| FLEEEEING.
 29664 | Shoals:2 | 29664 ||| FLEEEEING.
 29671 | Shoals:2 | 29671 ||| FLEEEEING.
 29672 | Shoals:2 | 29672 ||| FLEEEEING.
 29673 | Shoals:2 | 29673 ||| FLEEEEING.
 29674 | Shoals:2 | 29674 ||| STAIRDANCE
 29780 | Shoals:2 | 29780 ||| STAIRDANCE
 29899 | Shoals:2 | Noticed a kraken
 29900 | Shoals:2 | 29900 ||| Stepping ~*~*~tactically~*~*~ (hiding).
 29901 | Shoals:2 | 29901 ||| Stepping ~*~*~tactically~*~*~ (hiding).
 29972 | Shoals:2 | 29972 ||| INVOKING Berserk.
 29979 | Shoals:2 | Killed a kraken
 30314 | Shoals:3 | Noticed Ilsuiw
 30315 | Shoals:3 | 30315 ||| INVOKING Brothers in Arms.
 30317 | Shoals:3 | 30317 ||| INVOKING Brothers in Arms.
 30322 | Shoals:3 | 30322 ||| INVOKING Berserk.
 30328 | Shoals:3 | Killed Ilsuiw
 30331 | Shoals:3 | Reached skill level 19 in Fighting
 30463 | Shoals:3 | Received a gift from Trog
 30465 | Shoals:3 | 30465 ||| DROPPING +2 hand axe of flaming.
 30495 | Shoals:3 | 30495 ||| Stepping ~*~*~tactically~*~*~ (stealth).
 30510 | Shoals:3 | 30510 ||| READING scroll of enchant armour.
 30510 | Shoals:3 | 30510 ||| ENCHANTING +1 cloak.
 30692 | Shoals:3 | 30692 ||| INVOKING Trog's Hand.
 30698 | Shoals:3 | 30698 ||| INVOKING Berserk.
 30709 | Shoals:3 | Reached skill level 9 in Dodging
 30912 | Shoals:3 | 30912 ||| Stepping ~*~*~tactically~*~*~ (hiding).
 30919 | Shoals:3 | 30919 ||| INVOKING Brothers in Arms.
 30920 | Shoals:3 | 30920 ||| INVOKING Brothers in Arms.
 30921 | Shoals:3 | 30921 ||| INVOKING Berserk.
 31130 | Shoals:3 | 31130 ||| Stepping ~*~*~tactically~*~*~ (hiding).
 31132 | Shoals:3 | 31132 ||| INVOKING Berserk.
 31317 | Shoals:3 | 31317 ||| Stepping ~*~*~tactically~*~*~ (stealth).
 31372 | Shoals:3 | Noticed Polyphemus
 31374 | Shoals:3 | 31374 ||| Stepping ~*~*~tactically~*~*~ (water).
 31379 | Shoals:3 | 31379 ||| INVOKING Berserk.
 31396 | Shoals:3 | Killed Polyphemus
 31694 | Shoals:3 | 31694 ||| PLANNING SPIDER:1-3
 31694 | Shoals:3 | 31694 ||| DROPPING ring "Legauf" {rF+ MP+9 Str-2 Stlth+}.
 31695 | Shoals:3 | 31695 ||| READING scroll labelled FUPSINNO DAOSI.
 31696 | Shoals:3 | 31696 ||| READING scroll labelled IMNAT OCEETWAA.
 31827 | Spider:1 | Entered Level 1 of the Spider Nest
 31976 | Spider:1 | 31976 ||| Stepping ~*~*~tactically~*~*~ (stealth).
 31978 | Spider:1 | 31978 ||| Stepping ~*~*~tactically~*~*~ (hiding).
 31984 | Spider:1 | 31984 ||| INVOKING Brothers in Arms.
 31985 | Spider:1 | 31985 ||| INVOKING Brothers in Arms.
 31986 | Spider:1 | 31986 ||| INVOKING Brothers in Arms.
 32028 | Spider:1 | 32028 ||| INVOKING Brothers in Arms.
 32035 | Spider:1 | 32035 ||| READING 14 scrolls of teleportation.
 32150 | Spider:1 | Noticed Josephine
 32151 | Spider:1 | 32151 ||| Stepping ~*~*~tactically~*~*~ (stealth).
 32153 | Spider:1 | 32153 ||| Stepping ~*~*~tactically~*~*~ (stealth).
 32156 | Spider:1 | 32156 ||| Stepping ~*~*~tactically~*~*~ (stealth).
 32165 | Spider:1 | Killed Josephine
 32179 | Spider:1 | 32179 ||| Stepping ~*~*~tactically~*~*~ (stealth).
 32356 | Spider:1 | Reached skill level 20 in Fighting
 32369 | Spider:1 | Reached XP level 17. HP: 165/170 MP: 16/16
 32572 | Spider:1 | 32572 ||| READING scroll labelled FAEZOU ZYPHAHE.
 32572 | Spider:1 | Identified a scroll of acquirement
 32572 | Spider:1 | 32572 ||| ACQUIRING +10 broad axe of Inquiry {vorpal, rPois
                  | Str+3 Int-3 Stlth+}
 32572 | Spider:1 | Acquired the +10 broad axe of Inquiry {vorpal, rPois Str+3
                  | Int-3 Stlth+}
 32574 | Spider:1 | 32574 ||| SWAPPING to +10 broad axe of Inquiry {vorpal,
                  | rPois Str+3 Int-3 Stlth+}.
 32575 | Spider:1 | 32575 ||| DROPPING +9 spectral war axe.
 32637 | Spider:2 | 32637 ||| Stepping ~*~*~tactically~*~*~ (hiding).
 32639 | Spider:2 | 32639 ||| INVOKING Brothers in Arms.
 32710 | Spider:2 | 32710 ||| Stepping ~*~*~tactically~*~*~ (stealth).
 32712 | Spider:2 | 32712 ||| Stepping ~*~*~tactically~*~*~ (stealth).
 32726 | Spider:2 | 32726 ||| Stepping ~*~*~tactically~*~*~ (hiding).
 32737 | Spider:2 | 32737 ||| Stepping ~*~*~tactically~*~*~ (stealth).
 32740 | Spider:2 | 32740 ||| Stepping ~*~*~tactically~*~*~ (stealth).
 32762 | Spider:2 | 32762 ||| Stepping ~*~*~tactically~*~*~ (stealth).
 32769 | Spider:2 | 32769 ||| Stepping ~*~*~tactically~*~*~ (stealth).
 32779 | Spider:2 | 32779 ||| INVOKING Brothers in Arms.
 32780 | Spider:2 | 32780 ||| INVOKING Brothers in Arms.
 32781 | Spider:2 | 32781 ||| INVOKING Brothers in Arms.
 32933 | Spider:2 | 32933 ||| Stepping ~*~*~tactically~*~*~ (stealth).
 32935 | Spider:2 | 32935 ||| Stepping ~*~*~tactically~*~*~ (hiding).
 32941 | Spider:2 | 32941 ||| INVOKING Brothers in Arms.
 32942 | Spider:2 | 32942 ||| INVOKING Brothers in Arms.
 32950 | Spider:2 | 32950 ||| INVOKING Berserk.
 33091 | Spider:2 | 33091 ||| INVOKING Berserk.
 33273 | Spider:2 | 33273 ||| Stepping ~*~*~tactically~*~*~ (hiding).
 33277 | Spider:2 | 33277 ||| DRINKING 21 potions of curing.
 33277 | Spider:2 | 33277 ||| (to cure confusion)
 33294 | Spider:2 | 33294 ||| Stepping ~*~*~tactically~*~*~ (stealth).
 33309 | Spider:2 | 33309 ||| Stepping ~*~*~tactically~*~*~ (stealth).
 33310 | Spider:2 | 33310 ||| Stepping ~*~*~tactically~*~*~ (stealth).
 33311 | Spider:2 | 33311 ||| INVOKING Berserk.
 33462 | Spider:2 | 33462 ||| INVOKING Brothers in Arms.
 33463 | Spider:2 | 33463 ||| INVOKING Brothers in Arms.
 33464 | Spider:2 | 33464 ||| INVOKING Brothers in Arms.
 33465 | Spider:2 | 33465 ||| INVOKING Brothers in Arms.
 33466 | Spider:2 | 33466 ||| INVOKING Brothers in Arms.
 33467 | Spider:2 | 33467 ||| INVOKING Brothers in Arms.
 33523 | Spider:2 | 33523 ||| Stepping ~*~*~tactically~*~*~ (stealth).
 33524 | Spider:2 | 33524 ||| Stepping ~*~*~tactically~*~*~ (stealth).
 33644 | Spider:2 | 33644 ||| DRINKING 3 potions of resistance.
 34071 | Spider:3 | 34071 ||| Stepping ~*~*~tactically~*~*~ (hiding).
 34072 | Spider:3 | 34072 ||| Stepping ~*~*~tactically~*~*~ (hiding).
 34082 | Spider:3 | Reached skill level 18 in Axes
 34092 | Spider:3 | 34092 ||| Stepping ~*~*~tactically~*~*~ (stealth).
 34094 | Spider:3 | 34094 ||| Stepping ~*~*~tactically~*~*~ (hiding).
 34106 | Spider:3 | 34106 ||| INVOKING Berserk.
 34119 | Spider:3 | Noticed Mlioglotl
 34129 | Spider:3 | Killed Mlioglotl
 34532 | Spider:3 | 34532 ||| DRINKING 2 potions of resistance.
 34658 | Spider:3 | 34658 ||| Stepping ~*~*~tactically~*~*~ (stealth).
 34819 | Spider:3 | 34819 ||| Stepping ~*~*~tactically~*~*~ (hiding).
 34825 | Spider:3 | 34825 ||| INVOKING Brothers in Arms.
 34845 | Spider:3 | 34845 ||| INVOKING Berserk.
 34972 | Spider:3 | 34972 ||| Stepping ~*~*~tactically~*~*~ (stealth).
 35124 | Spider:3 | 35124 ||| Stepping ~*~*~tactically~*~*~ (stealth).
 35125 | Spider:3 | 35125 ||| Stepping ~*~*~tactically~*~*~ (stealth).
 35267 | Spider:3 | 35267 ||| PLANNING SHOALS:4
 35399 | Shoals:4 | Entered Level 4 of the Shoals
 35400 | Shoals:4 | 35400 ||| INVOKING Berserk.
 35536 | Shoals:4 | 35536 ||| Stepping ~*~*~tactically~*~*~ (hiding).
 35541 | Shoals:4 | 35541 ||| Stepping ~*~*~tactically~*~*~ (water).
 35547 | Shoals:4 | 35547 ||| INVOKING Berserk.
 35702 | Shoals:4 | 35702 ||| Stepping ~*~*~tactically~*~*~ (hiding).
 35768 | Shoals:4 | Found Laaruoxu's General Store.
 35798 | Shoals:4 | 35798 ||| INVOKING Berserk.
 35917 | Shoals:4 | 35917 ||| Stepping ~*~*~tactically~*~*~ (hiding).
 35918 | Shoals:4 | 35918 ||| Stepping ~*~*~tactically~*~*~ (hiding).
 35919 | Shoals:4 | 35919 ||| INVOKING Berserk.
 35942 | Shoals:4 | 35942 ||| Stepping ~*~*~tactically~*~*~ (water).
 35949 | Shoals:4 | HP: 35/170 [manticore (9)]
 35950 | Shoals:4 | 35950 ||| READING 13 scrolls of teleportation.
 35950 | Shoals:4 | HP: 16/170 [merfolk impaler/+4 demon trident of venom (18)]
 35951 | Shoals:4 | 35951 ||| DRINKING 8 potions of heal wounds.
 35952 | Shoals:4 | 35952 ||| DRINKING 7 potions of heal wounds.
 35953 | Shoals:4 | 35953 ||| READING 12 scrolls of teleportation.
 35953 | Shoals:4 | HP: 2/170 [some deep water collision (13)]
 35954 | Shoals:4 | 35954 ||| DRINKING 6 potions of heal wounds.
 35955 | Shoals:4 | 35955 ||| DRINKING 5 potions of heal wounds.
 35956 | Shoals:4 | 35956 ||| READING 11 scrolls of teleportation.
 35957 | Shoals:4 | 35957 ||| DRINKING 4 potions of heal wounds.
 35958 | Shoals:4 | 35958 ||| READING 10 scrolls of teleportation.
 35958 | Shoals:4 | HP: 25/170 [poisoned by a merfolk impaler]
 35959 | Shoals:4 | 35959 ||| DRINKING 3 potions of heal wounds.
 35960 | Shoals:4 | 35960 ||| DRINKING 2 potions of heal wounds.
 35970 | Shoals:4 | 35970 ||| INVOKING Brothers in Arms.
 35994 | Shoals:4 | 35994 ||| INVOKING Berserk.
 36054 | Shoals:4 | Identified the +8 falchion "Jellyslayer" {vorpal, Will+
                  | Str-2 Int+2}
 36153 | Shoals:4 | Got a barnacled rune of Zot
 36174 | Shoals:4 | 36174 ||| INVOKING Berserk.
 36387 | Shoals:4 | 36387 ||| INVOKING Trog's Hand.
 36406 | Shoals:4 | 36406 ||| INVOKING Berserk.
 36585 | Shoals:4 | 36585 ||| INVOKING Trog's Hand.
 36587 | Shoals:4 | 36587 ||| Stepping ~*~*~tactically~*~*~ (hiding).
 36703 | Shoals:4 | Identified the ring of Acuiw {rC+ Str+2}
 36782 | Shoals:4 | 36782 ||| INVOKING Berserk.
 36788 | Shoals:4 | Reached XP level 18. HP: 180/180 MP: 17/17
 36823 | Shoals:4 | 36823 ||| FLEEEEING.
 36824 | Shoals:4 | 36824 ||| FLEEEEING.
 36825 | Shoals:4 | 36825 ||| FLEEEEING.
 36826 | Shoals:4 | 36826 ||| FLEEEEING.
 36835 | Shoals:4 | 36835 ||| DROPPING +2 broad axe of flaming.
 36884 | Shoals:4 | 36884 ||| INVOKING Trog's Hand.
 36901 | Shoals:4 | 36901 ||| INVOKING Trog's Hand.
 36965 | Shoals:4 | 36965 ||| INVOKING Berserk.
 37143 | Shoals:4 | 37143 ||| PLANNING VAULTS:1-4
 37143 | Shoals:4 | 37143 ||| DROPPING ring of protection from cold.
 37418 | Vaults:1 | Entered Level 1 of the Vaults
 37479 | Vaults:1 | 37479 ||| Stepping ~*~*~tactically~*~*~ (stealth).
 37482 | Vaults:1 | 37482 ||| Stepping ~*~*~tactically~*~*~ (stealth).
 37486 | Vaults:1 | 37486 ||| INVOKING Trog's Hand.
 37504 | Vaults:1 | 37504 ||| INVOKING Brothers in Arms.
 37505 | Vaults:1 | 37505 ||| INVOKING Berserk.
 37509 | Vaults:1 | Reached skill level 21 in Fighting
 37667 | Vaults:1 | 37667 ||| INVOKING Berserk.
 37691 | Vaults:1 | 37691 ||| INVOKING Brothers in Arms.
 37699 | Vaults:1 | 37699 ||| INVOKING Trog's Hand.
 37702 | Vaults:1 | 37702 ||| Stepping ~*~*~tactically~*~*~ (hiding).
 37704 | Vaults:1 | 37704 ||| DRINKING potion of resistance.
 37710 | Vaults:1 | Reached skill level 12 in Throwing
 37712 | Vaults:1 | Reached skill level 18 in Shields
 37716 | Vaults:1 | 37716 ||| INVOKING Brothers in Arms.
 37717 | Vaults:1 | 37717 ||| INVOKING Trog's Hand.
 37841 | Vaults:1 | Identified the +6 triple crossbow of Analysis {freeze,
                  | +Blink rF+ Dex+4}
 38288 | Vaults:1 | 38288 ||| INVOKING Berserk.
 38678 | Vaults:2 | 38678 ||| INVOKING Trog's Hand.
 38688 | Vaults:2 | 38688 ||| Stepping ~*~*~tactically~*~*~ (hiding).
 38690 | Vaults:2 | 38690 ||| INVOKING Brothers in Arms.
 38693 | Vaults:2 | 38693 ||| INVOKING Berserk.
 38697 | Vaults:2 | Reached skill level 18 in Armour
 38826 | Vaults:2 | 38826 ||| INVOKING Trog's Hand.
 38859 | Vaults:2 | 38859 ||| Stepping ~*~*~tactically~*~*~ (hiding).
 39013 | Vaults:2 | 39013 ||| DRINKING potion of cancellation.
 39094 | Vaults:2 | 39094 ||| Stepping ~*~*~tactically~*~*~ (stealth).
 39102 | Vaults:2 | 39102 ||| Stepping ~*~*~tactically~*~*~ (stealth).
 39104 | Vaults:2 | 39104 ||| Stepping ~*~*~tactically~*~*~ (stealth).
 39105 | Vaults:2 | 39105 ||| Stepping ~*~*~tactically~*~*~ (stealth).
 39125 | Vaults:2 | 39125 ||| FLEEEEING.
 39131 | Vaults:2 | 39131 ||| Stepping ~*~*~tactically~*~*~ (hiding).
 39151 | Vaults:2 | 39151 ||| Stepping ~*~*~tactically~*~*~ (stealth).
 39153 | Vaults:2 | 39153 ||| Stepping ~*~*~tactically~*~*~ (hiding).
 39158 | Vaults:2 | 39158 ||| INVOKING Brothers in Arms.
 39159 | Vaults:2 | 39159 ||| INVOKING Berserk.
 39361 | Vaults:2 | Reached skill level 22 in Fighting
 39383 | Vaults:2 | 39383 ||| INVOKING Trog's Hand.
 39466 | Vaults:2 | 39466 ||| FLEEEEING.
 39467 | Vaults:2 | 39467 ||| FLEEEEING.
 39468 | Vaults:2 | 39468 ||| FLEEEEING.
 39469 | Vaults:2 | 39469 ||| FLEEEEING.
 39470 | Vaults:2 | 39470 ||| FLEEEEING.
 39471 | Vaults:2 | 39471 ||| FLEEEEING.
 39477 | Vaults:2 | 39477 ||| DRINKING potion of resistance.
 39555 | Vaults:2 | 39555 ||| Stepping ~*~*~tactically~*~*~ (hiding).
 39559 | Vaults:2 | 39559 ||| INVOKING Trog's Hand.
 39620 | Vaults:2 | 39620 ||| INVOKING Trog's Hand.
 39729 | Vaults:2 | 39729 ||| FLEEEEING.
 39731 | Vaults:2 | 39731 ||| FLEEEEING.
 39733 | Vaults:2 | 39733 ||| FLEEEEING.
 39734 | Vaults:2 | 39734 ||| FLEEEEING.
 39735 | Vaults:2 | 39735 ||| FLEEEEING.
 39736 | Vaults:2 | 39736 ||| FLEEEEING.
 39737 | Vaults:2 | 39737 ||| FLEEEEING.
 39739 | Vaults:2 | 39739 ||| FLEEEEING.
 39740 | Vaults:2 | 39740 ||| FLEEEEING.
 39741 | Vaults:2 | 39741 ||| FLEEEEING.
 39743 | Vaults:2 | 39743 ||| FLEEEEING.
 39744 | Vaults:2 | 39744 ||| FLEEEEING.
 39745 | Vaults:2 | 39745 ||| FLEEEEING.
 39746 | Vaults:2 | 39746 ||| FLEEEEING.
 39747 | Vaults:2 | 39747 ||| FLEEEEING.
 39748 | Vaults:2 | 39748 ||| FLEEEEING.
 39749 | Vaults:2 | 39749 ||| FLEEEEING.
 39750 | Vaults:2 | 39750 ||| FLEEEEING.
 39751 | Vaults:2 | 39751 ||| FLEEEEING.
 39752 | Vaults:2 | 39752 ||| FLEEEEING.
 39753 | Vaults:2 | 39753 ||| INVOKING Trog's Hand.
 39754 | Vaults:2 | 39754 ||| Stepping ~*~*~tactically~*~*~ (hiding).
 39759 | Vaults:2 | 39759 ||| FLEEEEING.
 39760 | Vaults:2 | 39760 ||| Stepping ~*~*~tactically~*~*~ (hiding).
 39770 | Vaults:2 | 39770 ||| FLEEEEING.
 39771 | Vaults:2 | 39771 ||| FLEEEEING.
 39776 | Vaults:2 | 39776 ||| FLEEEEING.
 39777 | Vaults:2 | 39777 ||| FLEEEEING.
 39778 | Vaults:2 | 39778 ||| FLEEEEING.
 39779 | Vaults:2 | 39779 ||| FLEEEEING.
 39780 | Vaults:2 | 39780 ||| FLEEEEING.
 39781 | Vaults:2 | 39781 ||| FLEEEEING.
 39782 | Vaults:2 | 39782 ||| FLEEEEING.
 39783 | Vaults:2 | 39783 ||| FLEEEEING.
 39784 | Vaults:2 | 39784 ||| FLEEEEING.
 39785 | Vaults:2 | 39785 ||| FLEEEEING.
 39786 | Vaults:2 | 39786 ||| FLEEEEING.
 39787 | Vaults:2 | 39787 ||| FLEEEEING.
 39788 | Vaults:2 | 39788 ||| FLEEEEING.
 39789 | Vaults:2 | 39789 ||| FLEEEEING.
 39790 | Vaults:2 | 39790 ||| FLEEEEING.
 39791 | Vaults:2 | 39791 ||| FLEEEEING.
 39792 | Vaults:2 | 39792 ||| FLEEEEING.
 39793 | Vaults:2 | 39793 ||| FLEEEEING.
 39794 | Vaults:2 | 39794 ||| FLEEEEING.
 39795 | Vaults:2 | 39795 ||| FLEEEEING.
 39796 | Vaults:2 | 39796 ||| FLEEEEING.
 39802 | Vaults:2 | 39802 ||| FLEEEEING.
 39803 | Vaults:2 | 39803 ||| FLEEEEING.
 39804 | Vaults:2 | 39804 ||| FLEEEEING.
 39805 | Vaults:2 | 39805 ||| FLEEEEING.
 39806 | Vaults:2 | 39806 ||| FLEEEEING.
 39807 | Vaults:2 | 39807 ||| FLEEEEING.
 39808 | Vaults:2 | 39808 ||| FLEEEEING.
 39809 | Vaults:2 | 39809 ||| FLEEEEING.
 39813 | Vaults:2 | 39813 ||| FLEEEEING.
 39814 | Vaults:2 | 39814 ||| FLEEEEING.
 39815 | Vaults:2 | 39815 ||| FLEEEEING.
 39816 | Vaults:2 | 39816 ||| FLEEEEING.
 39817 | Vaults:2 | 39817 ||| FLEEEEING.
 39818 | Vaults:2 | 39818 ||| FLEEEEING.
 39819 | Vaults:2 | 39819 ||| FLEEEEING.
 39820 | Vaults:2 | 39820 ||| FLEEEEING.
 39821 | Vaults:2 | 39821 ||| FLEEEEING.
 39822 | Vaults:2 | 39822 ||| FLEEEEING.
 39823 | Vaults:2 | 39823 ||| FLEEEEING.
 39824 | Vaults:2 | 39824 ||| FLEEEEING.
 39825 | Vaults:2 | 39825 ||| FLEEEEING.
 39826 | Vaults:2 | 39826 ||| FLEEEEING.
 39827 | Vaults:2 | 39827 ||| FLEEEEING.
 39832 | Vaults:2 | 39832 ||| FLEEEEING.
 39833 | Vaults:2 | 39833 ||| FLEEEEING.
 39834 | Vaults:2 | 39834 ||| FLEEEEING.
 39835 | Vaults:2 | 39835 ||| FLEEEEING.
 39836 | Vaults:2 | 39836 ||| FLEEEEING.
 39837 | Vaults:2 | 39837 ||| FLEEEEING.
 39843 | Vaults:2 | 39843 ||| FLEEEEING.
 39844 | Vaults:2 | 39844 ||| FLEEEEING.
 39845 | Vaults:2 | 39845 ||| FLEEEEING.
 39851 | Vaults:2 | 39851 ||| FLEEEEING.
 39852 | Vaults:2 | 39852 ||| FLEEEEING.
 39853 | Vaults:2 | 39853 ||| FLEEEEING.
 39854 | Vaults:2 | 39854 ||| FLEEEEING.
 39855 | Vaults:2 | 39855 ||| FLEEEEING.
 39856 | Vaults:2 | 39856 ||| FLEEEEING.
 39857 | Vaults:2 | 39857 ||| FLEEEEING.
 39858 | Vaults:2 | 39858 ||| FLEEEEING.
 39859 | Vaults:2 | 39859 ||| FLEEEEING.
 39870 | Vaults:2 | 39870 ||| Stepping ~*~*~tactically~*~*~ (hiding).
 39871 | Vaults:2 | 39871 ||| Stepping ~*~*~tactically~*~*~ (hiding).
 39875 | Vaults:2 | 39875 ||| Stepping ~*~*~tactically~*~*~ (hiding).
 39876 | Vaults:2 | 39876 ||| Stepping ~*~*~tactically~*~*~ (hiding).
 40479 | Vaults:3 | 40479 ||| FLEEEEING.
 40480 | Vaults:3 | 40480 ||| FLEEEEING.
 40481 | Vaults:3 | 40481 ||| FLEEEEING.
 40523 | Vaults:3 | Reached XP level 19. HP: 183/191 MP: 18/18
 40599 | Vaults:3 | You fall into a shaft and drop 1 floor!
 40600 | Vaults:4 | 40600 ||| INVOKING Trog's Hand.
 40648 | Vaults:4 | 40648 ||| Stepping ~*~*~tactically~*~*~ (stealth).
 40657 | Vaults:4 | 40657 ||| INVOKING Trog's Hand.
 40748 | Vaults:4 | Noticed Bai Suzhen
 40749 | Vaults:4 | 40749 ||| INVOKING Brothers in Arms.
 40753 | Vaults:4 | 40753 ||| INVOKING Berserk.
 40762 | Vaults:4 | Killed Bai Suzhen
 40856 | Vaults:4 | 40856 ||| INVOKING Brothers in Arms.
 40859 | Vaults:4 | 40859 ||| INVOKING Berserk.
 40979 | Vaults:4 | 40979 ||| Stepping ~*~*~tactically~*~*~ (stealth).
 41001 | Vaults:4 | 41001 ||| INVOKING Brothers in Arms.
 41004 | Vaults:4 | 41004 ||| INVOKING Berserk.
 41108 | Vaults:4 | Found Xedaw's Book Shoppe.
 41115 | Vaults:4 | 41115 ||| Stepping ~*~*~tactically~*~*~ (hiding).
 41119 | Vaults:4 | 41119 ||| INVOKING Trog's Hand.
 41169 | Vaults:4 | 41169 ||| INVOKING Trog's Hand.
 41221 | Vaults:4 | 41221 ||| UPGRADING to +0 tower shield of protection.
 41231 | Vaults:4 | 41231 ||| DROPPING +0 kite shield.
 41241 | Vaults:3 | 41241 ||| INVOKING Brothers in Arms.
 41242 | Vaults:3 | 41242 ||| INVOKING Brothers in Arms.
 41243 | Vaults:3 | 41243 ||| INVOKING Brothers in Arms.
 41244 | Vaults:3 | 41244 ||| INVOKING Berserk.
 41416 | Vaults:3 | 41416 ||| Stepping ~*~*~tactically~*~*~ (hiding).
 41556 | Vaults:3 | 41556 ||| Stepping ~*~*~tactically~*~*~ (hiding).
 41558 | Vaults:3 | 41558 ||| INVOKING Brothers in Arms.
 41559 | Vaults:3 | 41559 ||| INVOKING Berserk.
 41699 | Vaults:3 | 41699 ||| Stepping ~*~*~tactically~*~*~ (stealth).
 41706 | Vaults:3 | 41706 ||| Stepping ~*~*~tactically~*~*~ (hiding).
 41914 | Vaults:3 | 41914 ||| Stepping ~*~*~tactically~*~*~ (hiding).
 41929 | Vaults:3 | 41929 ||| Stepping ~*~*~tactically~*~*~ (hiding).
 42055 | Vaults:3 | 42055 ||| INVOKING Trog's Hand.
 42056 | Vaults:3 | 42056 ||| INVOKING Brothers in Arms.
 42057 | Vaults:3 | 42057 ||| INVOKING Berserk.
 42280 | Vaults:3 | 42280 ||| INVOKING Brothers in Arms.
 42281 | Vaults:3 | 42281 ||| INVOKING Brothers in Arms.
 42283 | Vaults:3 | 42283 ||| INVOKING Berserk.
 42455 | Vaults:3 | Found a staircase to the Crypt.
 42455 | Vaults:3 | Found a basalt altar of Yredelemnul.
 42455 | Vaults:3 | Found an ancient bone altar of Kikubaaqudgha.
 42527 | Vaults:3 | 42527 ||| Stepping ~*~*~tactically~*~*~ (hiding).
 42530 | Vaults:3 | 42530 ||| Stepping ~*~*~tactically~*~*~ (hiding).
 42978 | Vaults:4 | 42978 ||| Stepping ~*~*~tactically~*~*~ (hiding).
 42979 | Vaults:4 | 42979 ||| INVOKING Berserk.
 42989 | Vaults:4 | 42989 ||| Stepping ~*~*~tactically~*~*~ (hiding).
 43014 | Vaults:4 | 43014 ||| Stepping ~*~*~tactically~*~*~ (hiding).
 43015 | Vaults:4 | 43015 ||| Stepping ~*~*~tactically~*~*~ (hiding).
 43043 | Vaults:4 | 43043 ||| Stepping ~*~*~tactically~*~*~ (stealth).
 43050 | Vaults:4 | 43050 ||| Stepping ~*~*~tactically~*~*~ (hiding).
 43051 | Vaults:4 | 43051 ||| Stepping ~*~*~tactically~*~*~ (hiding).
 43059 | Vaults:4 | Noticed Saint Roka
 43060 | Vaults:4 | 43060 ||| INVOKING Brothers in Arms.
 43073 | Vaults:4 | Reached skill level 21 in Shields
 43075 | Vaults:4 | 43075 ||| INVOKING Berserk.
 43086 | Vaults:4 | Killed Saint Roka
 43274 | Vaults:4 | 43274 ||| Stepping ~*~*~tactically~*~*~ (stealth).
 43281 | Vaults:4 | 43281 ||| Stepping ~*~*~tactically~*~*~ (hiding).
 43282 | Vaults:4 | 43282 ||| Stepping ~*~*~tactically~*~*~ (hiding).
 43289 | Vaults:4 | 43289 ||| INVOKING Trog's Hand.
 43295 | Vaults:4 | Reached XP level 20. HP: 200/202 MP: 19/19
 43437 | Vaults:4 | 43437 ||| Stepping ~*~*~tactically~*~*~ (stealth).
 43485 | Vaults:4 | 43485 ||| Stepping ~*~*~tactically~*~*~ (hiding).
 43497 | Vaults:4 | 43497 ||| INVOKING Trog's Hand.
 43618 | Vaults:4 | 43618 ||| INVOKING Brothers in Arms.
 43619 | Vaults:4 | 43619 ||| INVOKING Berserk.
 43839 | Vaults:4 | 43839 ||| PLANNING SPIDER:4
 44231 | Spider:4 | Entered Level 4 of the Spider Nest
 44273 | Spider:4 | Reached skill level 23 in Fighting
 44324 | Spider:4 | 44324 ||| Stepping ~*~*~tactically~*~*~ (stealth).
 44361 | Spider:4 | 44361 ||| Stepping ~*~*~tactically~*~*~ (stealth).
 44376 | Spider:4 | 44376 ||| Stepping ~*~*~tactically~*~*~ (stealth).
 44379 | Spider:4 | 44379 ||| Stepping ~*~*~tactically~*~*~ (stealth).
 44385 | Spider:4 | 44385 ||| Stepping ~*~*~tactically~*~*~ (stealth).
 44387 | Spider:4 | 44387 ||| INVOKING Brothers in Arms.
 44426 | Spider:4 | 44426 ||| INVOKING Brothers in Arms.
 44427 | Spider:4 | 44427 ||| INVOKING Brothers in Arms.
 44428 | Spider:4 | 44428 ||| INVOKING Brothers in Arms.
 44429 | Spider:4 | 44429 ||| INVOKING Brothers in Arms.
 44633 | Spider:4 | Noticed Asterion
 44634 | Spider:4 | 44634 ||| Stepping ~*~*~tactically~*~*~ (hiding).
 44641 | Spider:4 | 44641 ||| INVOKING Berserk.
 44659 | Spider:4 | Killed Asterion
 44774 | Spider:4 | 44774 ||| Stepping ~*~*~tactically~*~*~ (stealth).
 44787 | Spider:4 | Found the ring of the Hare {EV+8}
 44851 | Spider:4 | 44851 ||| Stepping ~*~*~tactically~*~*~ (stealth).
 44995 | Spider:4 | 44995 ||| INVOKING Brothers in Arms.
 44996 | Spider:4 | Noticed Arachne
 45019 | Spider:4 | Killed Arachne
 45039 | Spider:4 | 45039 ||| FLEEEEING.
 45087 | Spider:4 | 45087 ||| INVOKING Brothers in Arms.
 45122 | Spider:4 | Received a gift from Trog
 45255 | Spider:4 | 45255 ||| Stepping ~*~*~tactically~*~*~ (stealth).
 45256 | Spider:4 | 45256 ||| Stepping ~*~*~tactically~*~*~ (stealth).
 45323 | Spider:4 | Got a gossamer rune of Zot
 45369 | Spider:4 | 45369 ||| PLANNING DEPTHS
 45369 | Spider:4 | 45369 ||| DROPPING scarf of repulsion.
 45370 | Spider:4 | 45370 ||| DROPPING scarf of harm.
 45371 | Spider:4 | 45371 ||| DROPPING ring of protection from fire.
 45372 | Spider:4 | 45372 ||| DROPPING +6 ring of dexterity.
 45373 | Spider:4 | 45373 ||| UPGRADING to ring of the Hare {EV+8}.
 45375 | Spider:4 | 45375 ||| DROPPING ring of poison resistance.
 45376 | Spider:4 | 45376 ||| DROPPING ring of Acuiw {rC+ Str+2}.
 45377 | Spider:4 | 45377 ||| DROPPING ring of see invisible.
 45712 | Depths:1 | Entered Level 1 of the Depths
 45714 | Depths:1 | 45714 ||| INVOKING Brothers in Arms.
 45737 | Depths:1 | 45737 ||| DRINKING 21 potions of curing.
 45737 | Depths:1 | 45737 ||| (to cure confusion)
 45743 | Depths:1 | 45743 ||| READING 10 scrolls of teleportation.
 45744 | Depths:1 | 45744 ||| Stepping randomly (stuck).
 45745 | Depths:1 | 45745 ||| Stepping ~*~*~tactically~*~*~ (hiding).
 45849 | Depths:1 | 45849 ||| INVOKING Berserk.
 45990 | Depths:1 | 45990 ||| Stepping ~*~*~tactically~*~*~ (stealth).
 46002 | Depths:1 | Found a gateway to Hell.
 46080 | Depths:1 | 46080 ||| INVOKING Berserk.
 46219 | Depths:1 | 46219 ||| INVOKING Berserk.
 46466 | Depths:1 | 46466 ||| INVOKING Berserk.
 46469 | Depths:1 | Reached skill level 24 in Fighting
 46715 | Depths:1 | 46715 ||| INVOKING Berserk.
 46719 | Depths:1 | Found a snail-covered altar of Cheibriados.
 46864 | Depths:1 | Found Xeek Toriqu's Armour Emporium.
 46868 | Depths:1 | Found Qeoll's Weapon Emporium.
 46870 | Depths:1 | Found Nipt's Jewellery Emporium.
 46874 | Depths:1 | Found Xamoto Rybapp's Assorted Antiques.
 46882 | Depths:1 | 46882 ||| BUYING amulet "Juabliha" {Acrobat rPois rN+
                  | Str+4} (699 gold).
 46882 | Depths:1 | Bought the amulet "Juabliha" {Acrobat rPois rN+ Str+4} for
                  | 699 gold pieces
 46882 | Depths:1 | 46882 ||| BUYING amulet of reflection (390 gold).
 46882 | Depths:1 | Bought an amulet of reflection for 390 gold pieces
 46950 | Depths:1 | 46950 ||| INVOKING Berserk.
 47072 | Depths:1 | Found Ibluraqe's Antique Weapon Shop.
 47075 | Depths:1 | 47075 ||| BUYING masterwork broad axe (333 gold).
 47075 | Depths:1 | Bought a masterwork broad axe for 333 gold pieces
 47075 | Depths:1 | Identified the +6 broad axe of Grandeur {freeze, Will-
                  | rCorr Stlth+} (You bought it in a shop on level 1 of the
                  | Depths)
 47075 | Depths:1 | 47075 ||| DROPPING +6 broad axe of Grandeur {freeze, Will-
                  | rCorr Stlth+}.
 47101 | Depths:1 | 47101 ||| INVOKING Brothers in Arms.
 47119 | Depths:1 | 47119 ||| INVOKING Berserk.
 47387 | Depths:1 | 47387 ||| INVOKING Trog's Hand.
 47388 | Depths:1 | 47388 ||| INVOKING Berserk.
 47429 | Depths:1 | Lost intelligence.
 47435 | Depths:1 | 47435 ||| DRINKING 20 potions of curing.
 47435 | Depths:1 | 47435 ||| (to cure confusion)
 47445 | Depths:1 | 47445 ||| INVOKING Berserk.
 47463 | Depths:1 | 47463 ||| INVOKING Trog's Hand.
 47508 | Depths:1 | 47508 ||| Stepping ~*~*~tactically~*~*~ (stealth).
 47510 | Depths:1 | 47510 ||| INVOKING Berserk.
 47530 | Depths:1 | 47530 ||| INVOKING Trog's Hand.
 47538 | Depths:1 | Reached skill level 12 in Dodging
 47685 | Depths:1 | 47685 ||| Stepping ~*~*~tactically~*~*~ (hiding).
 47697 | Depths:1 | 47697 ||| INVOKING Berserk.
 47837 | Depths:1 | 47837 ||| INVOKING Trog's Hand.
 47838 | Depths:1 | 47838 ||| INVOKING Berserk.
 47961 | Depths:1 | 47961 ||| INVOKING Berserk.
 47972 | Depths:1 | Reached XP level 21. HP: 215/215 MP: 20/20
 48307 | Depths:1 | 48307 ||| UPGRADING to amulet "Juabliha" {Acrobat rPois rN+
                  | Str+4}.
 48317 | Depths:1 | 48317 ||| DROPPING amulet "Joedgh" {Acrobat Str+4}.
 48318 | Depths:1 | 48318 ||| DROPPING amulet of Vitality {RegenMP++ Regen++}.
 48323 | Depths:1 | 48323 ||| INVOKING Brothers in Arms.
 48324 | Depths:1 | 48324 ||| INVOKING Brothers in Arms.
 48325 | Depths:1 | 48325 ||| INVOKING Brothers in Arms.
 48351 | Depths:1 | 48351 ||| DRINKING 19 potions of curing.
 48351 | Depths:1 | 48351 ||| (to cure confusion)
 48365 | Depths:1 | 48365 ||| INVOKING Brothers in Arms.
 48373 | Depths:1 | Lost intelligence.
 48382 | Depths:1 | 48382 ||| DRINKING 18 potions of curing.
 48382 | Depths:1 | 48382 ||| (to cure confusion)
 48460 | Depths:1 | 48460 ||| Stepping ~*~*~tactically~*~*~ (stealth).
 48477 | Depths:1 | 48477 ||| DRINKING 17 potions of curing.
 48477 | Depths:1 | 48477 ||| (to cure confusion)
 48483 | Depths:1 | 48483 ||| DRINKING 16 potions of curing.
 48483 | Depths:1 | 48483 ||| (to cure confusion)
 48529 | Depths:1 | 48529 ||| Stepping randomly (cloudy).
 48658 | Depths:2 | Found a one-way gate leading to the halls of Pandemonium.
 48666 | Depths:2 | Gained mutation: You have hidden genetic defects. [a
                  | cacodemon]
 48782 | Depths:2 | 48782 ||| INVOKING Berserk.
 48831 | Depths:2 | 48831 ||| Stepping ~*~*~tactically~*~*~ (stealth).
 48833 | Depths:2 | 48833 ||| Stepping ~*~*~tactically~*~*~ (hiding).
 48836 | Depths:2 | 48836 ||| INVOKING Berserk.
 48967 | Depths:2 | Found Podae's Book Shoppe.
 49130 | Depths:2 | 49130 ||| INVOKING Trog's Hand.
 49369 | Depths:2 | Reached skill level 25 in Fighting
 49513 | Depths:2 | 49513 ||| INVOKING Berserk.
 49730 | Depths:2 | 49730 ||| INVOKING Berserk.
 49742 | Depths:2 | 49742 ||| Stepping ~*~*~tactically~*~*~ (hiding).
 49743 | Depths:2 | 49743 ||| Stepping ~*~*~tactically~*~*~ (hiding).
 49816 | Depths:2 | 49816 ||| Stepping ~*~*~tactically~*~*~ (stealth).
 49820 | Depths:2 | 49820 ||| DRINKING potion of resistance.
 49822 | Depths:2 | 49822 ||| INVOKING Trog's Hand.
 49840 | Depths:2 | Gained mutation: You are frail. (-10% HP) [hidden defects]
 49846 | Depths:2 | Paralysed by something for 2 turns
 49851 | Depths:2 | Paralysed by something for 2 turns
 49904 | Depths:2 | 49904 ||| DRINKING 7 potions of mutation.
 49904 | Depths:2 | Lost mutation: You are clumsy. (Dex -2) [potion of
                  | mutation]
 49904 | Depths:2 | Lost mutation: Your natural rate of healing is unusually
                  | fast. [potion of mutation]
 49904 | Depths:2 | Gained mutation: You have a pair of large horns on your
                  | head. [potion of mutation]
 49905 | Depths:2 | 49905 ||| DRINKING 6 potions of mutation.
 49905 | Depths:2 | Lost mutation: You have a pair of large horns on your head.
                  | [potion of mutation]
 49905 | Depths:2 | Lost mutation: You have hidden genetic defects. [potion of
                  | mutation]
 49905 | Depths:2 | Lost mutation: You are frail. (-10% HP) [potion of
                  | mutation]
 49905 | Depths:2 | Gained mutation: You occasionally shout uncontrollably at
                  | your foes. [potion of mutation]
 49905 | Depths:2 | Gained mutation: You have hoof-like feet. [potion of
                  | mutation]
 49980 | Depths:2 | 49980 ||| INVOKING Berserk.
 50103 | Depths:2 | 50103 ||| DRINKING potion of cancellation.
 50114 | Depths:2 | 50114 ||| INVOKING Berserk.
 50262 | Depths:2 | 50262 ||| Stepping ~*~*~tactically~*~*~ (hiding).
 50269 | Depths:2 | 50269 ||| Stepping ~*~*~tactically~*~*~ (hiding).
 50272 | Depths:2 | 50272 ||| INVOKING Berserk.
 50404 | Depths:2 | 50404 ||| Stepping ~*~*~tactically~*~*~ (hiding).
 50549 | Depths:2 | 50549 ||| INVOKING Berserk.
 50772 | Depths:2 | 50772 ||| INVOKING Trog's Hand.
 50999 | Depths:2 | 50999 ||| UPGRADING to +2 hat.
 51064 | Depths:3 | 51064 ||| INVOKING Berserk.
 51215 | Depths:3 | 51215 ||| INVOKING Trog's Hand.
 51218 | Depths:3 | 51218 ||| INVOKING Berserk.
 51348 | Depths:3 | 51348 ||| INVOKING Berserk.
 51476 | Depths:3 | Noticed a golden dragon
 51476 | Depths:3 | Noticed a golden dragon
 51477 | Depths:3 | 51477 ||| INVOKING Berserk.
 51483 | Depths:3 | Killed a golden dragon
 51491 | Depths:3 | Killed a golden dragon
 51597 | Depths:3 | Noticed a golden dragon
 51598 | Depths:3 | 51598 ||| Stepping ~*~*~tactically~*~*~ (hiding).
 51609 | Depths:3 | 51609 ||| INVOKING Berserk.
 51616 | Depths:3 | Killed a golden dragon
 51788 | Depths:3 | 51788 ||| INVOKING Berserk.
 51804 | Depths:3 | 51804 ||| INVOKING Trog's Hand.
 51999 | Depths:3 | 51999 ||| STAIRDANCE
 52035 | Depths:2 | 52035 ||| UPGRADING to +0 gold dragon scales.
 52045 | Depths:2 | 52045 ||| READING 6 scrolls of enchant armour.
 52045 | Depths:2 | 52045 ||| ENCHANTING +0 gold dragon scales.
 52046 | Depths:2 | 52046 ||| READING 5 scrolls of enchant armour.
 52046 | Depths:2 | 52046 ||| ENCHANTING +1 gold dragon scales.
 52047 | Depths:2 | 52047 ||| READING 4 scrolls of enchant armour.
 52047 | Depths:2 | 52047 ||| ENCHANTING +2 gold dragon scales.
 52048 | Depths:2 | 52048 ||| READING 3 scrolls of enchant armour.
 52048 | Depths:2 | 52048 ||| ENCHANTING +3 gold dragon scales.
 52049 | Depths:2 | 52049 ||| DROPPING +8 chain mail "Goyluff" {rPois Slay+2}.
 52050 | Depths:2 | 52050 ||| READING 2 scrolls of enchant armour.
 52050 | Depths:2 | 52050 ||| ENCHANTING +4 gold dragon scales.
 52051 | Depths:2 | 52051 ||| READING scroll of enchant armour.
 52051 | Depths:2 | 52051 ||| ENCHANTING +5 gold dragon scales.
 52059 | Depths:3 | 52059 ||| STAIRDANCE
 52354 | Depths:3 | Found Ethrevur's Book Emporium.
 52354 | Depths:3 | Found Nooguur's Jewellery Shop.
 52355 | Depths:3 | Found Xeapeic's Jewellery Shop.
 52448 | Depths:4 | Entered Level 4 of the Depths
 52449 | Depths:4 | 52449 ||| INVOKING Berserk.
 52502 | Depths:4 | 52502 ||| FLEEEEING.
 52503 | Depths:4 | 52503 ||| FLEEEEING.
 52504 | Depths:4 | 52504 ||| STAIRDANCE
 52615 | Depths:4 | 52615 ||| INVOKING Brothers in Arms.
 52639 | Depths:4 | Reached skill level 21 in Armour
 52666 | Depths:4 | 52666 ||| READING 12 scrolls of teleportation.
 52670 | Depths:4 | 52670 ||| FLEEEEING.
 52673 | Depths:4 | Found a stormy altar of Qazlal.
 52688 | Depths:4 | 52688 ||| Stepping ~*~*~tactically~*~*~ (hiding).
 52695 | Depths:4 | Noticed Margery
 52702 | Depths:4 | 52702 ||| INVOKING Berserk.
 52712 | Depths:4 | Killed Margery
 52787 | Depths:4 | 52787 ||| Stepping ~*~*~tactically~*~*~ (stealth).
 52788 | Depths:4 | 52788 ||| Stepping ~*~*~tactically~*~*~ (stealth).
 52790 | Depths:4 | 52790 ||| Stepping ~*~*~tactically~*~*~ (hiding).
 52979 | Depths:4 | 52979 ||| Stepping ~*~*~tactically~*~*~ (hiding).
 52987 | Depths:4 | Reached XP level 22. HP: 216/226 MP: 21/21
 52995 | Depths:4 | 52995 ||| INVOKING Trog's Hand.
 52996 | Depths:4 | 52996 ||| INVOKING Berserk.
 53158 | Depths:4 | 53158 ||| INVOKING Berserk.
 53272 | Depths:4 | 53272 ||| INVOKING Trog's Hand.
 53308 | Depths:4 | 53308 ||| INVOKING Berserk.
 53437 | Depths:4 | Paralysed by a floating eye for 2 turns
 53536 | Depths:4 | 53536 ||| Stepping ~*~*~tactically~*~*~ (hiding).
 53731 | Depths:4 | Found a gate to the Realm of Zot.
 53752 | Depths:4 | 53752 ||| INVOKING Berserk.
 53790 | Depths:4 | 53790 ||| Stepping ~*~*~tactically~*~*~ (stealth).
 53792 | Depths:4 | 53792 ||| Stepping ~*~*~tactically~*~*~ (stealth).
 53803 | Depths:4 | 53803 ||| Stepping ~*~*~tactically~*~*~ (stealth).
 53917 | Depths:4 | 53917 ||| Stepping ~*~*~tactically~*~*~ (hiding).
 53921 | Depths:4 | 53921 ||| INVOKING Berserk.
 54222 | Depths:4 | 54222 ||| Stepping ~*~*~tactically~*~*~ (hiding).
 54270 | Depths:4 | 54270 ||| Stepping ~*~*~tactically~*~*~ (stealth).
 54271 | Depths:4 | 54271 ||| Stepping ~*~*~tactically~*~*~ (stealth).
 54417 | Depths:4 | Found a one-way gateway to a ziggurat.
 54560 | Depths:4 | 54560 ||| PLANNING VAULTS:5
 54726 | Vaults:5 | Entered Level 5 of the Vaults
 54728 | Vaults:5 | 54728 ||| STAIRDANCE
 54771 | Vaults:5 | 54771 ||| STAIRDANCE
 54793 | Vaults:5 | 54793 ||| STAIRDANCE
 54795 | Vaults:4 | 54795 ||| INVOKING Brothers in Arms.
 54796 | Vaults:4 | 54796 ||| INVOKING Berserk.
 54891 | Vaults:5 | 54891 ||| STAIRDANCE
 54909 | Vaults:5 | 54909 ||| INVOKING Berserk.
 54935 | Vaults:5 | 54935 ||| FLEEEEING.
 54936 | Vaults:5 | 54936 ||| STAIRDANCE
 54982 | Vaults:5 | 54982 ||| INVOKING Berserk.
 54998 | Vaults:5 | 54998 ||| Stepping ~*~*~tactically~*~*~ (hiding).
 54999 | Vaults:5 | 54999 ||| INVOKING Brothers in Arms.
 55011 | Vaults:5 | 55011 ||| STAIRDANCE
 55279 | Vaults:5 | 55279 ||| STAIRDANCE
 55286 | Vaults:5 | 55286 ||| INVOKING Berserk.
 55311 | Vaults:5 | 55311 ||| INVOKING Trog's Hand.
 55323 | Vaults:5 | Noticed a golden dragon
 55325 | Vaults:5 | 55325 ||| INVOKING Brothers in Arms.
 55326 | Vaults:5 | HP: 47/219 [deep elf high priest/divine providence (14)]
 55327 | Vaults:5 | 55327 ||| READING 12 scrolls of teleportation.
 55327 | Vaults:5 | HP: 11/220 [quicksilver dragon (23)]
 55328 | Vaults:5 | 55328 ||| DRINKING 6 potions of heal wounds.
 55329 | Vaults:5 | 55329 ||| DRINKING 5 potions of heal wounds.
 55330 | Vaults:5 | 55330 ||| DRINKING 4 potions of heal wounds.
 55332 | Vaults:5 | 55332 ||| READING 11 scrolls of teleportation.
 55333 | Vaults:5 | 55333 ||| DRINKING 3 potions of heal wounds.
 55334 | Vaults:5 | Noticed Boris
 55338 | Vaults:5 | Noticed Mara
 55342 | Vaults:5 | 55342 ||| Stepping ~*~*~tactically~*~*~ (hiding).
 55345 | Vaults:5 | HP: 53/223 [something/iron shot (18)]
 55346 | Vaults:5 | 55346 ||| Stepping ~*~*~tactically~*~*~ (hiding).
 55347 | Vaults:5 | 55347 ||| READING 10 scrolls of teleportation.
 55348 | Vaults:5 | 55348 ||| DRINKING 2 potions of heal wounds.
 55352 | Vaults:5 | HP: 51/223 [deep elf high priest/a malign offering (15)]
 55353 | Vaults:5 | Reached skill level 24 in Armour
 55353 | Vaults:5 | 55353 ||| READING 9 scrolls of teleportation.
 55354 | Vaults:5 | 55354 ||| DRINKING potion of heal wounds.
 55354 | Vaults:5 | HP: 10/224 [titan/bolt of lightning (46)]
 55355 | Vaults:5 | Killed Boris
 55355 | Vaults:5 | HP: 3/224 [titan (7)]
 55356 | Vaults:5 | Slain by a tentacled monstrosity

Levels and vault maps discovered:
D:1:      lightli_arrival_flooded_house, layout_rooms,
          shapermc_ecumenical_altar_venn
D:2:      layout_rooms, basic_altar, serial_shops, shop
D:3:      layout_loops_cross, uniq_terence, uniq_ijyb
D:4:      layout_basic, tgw_kikubaaqudgha, kennysheep_mini_moat,
          mainiacjoe_overflow_alcove_1, minmay_manual_mail, uniq_eustachio,
          uniq_sigmund, uniq_robin
D:5:      layout_basic
D:6:      layout_loops_cross, lemuel_blue_sif_altar, minmay_temple_entry_hall,
          uniq_grinder
D:7:      layout_loops_ring
D:8:      layout_rooms, old_standard_altar, uniq_grum, uniq_pikel
D:9:      minmay_sliced_demisemicircle, layout_loops_corners,
          grunt_lair_entry_orc_guard_hut, minmay_misc_feat_encased,
          small_chamber_with_monster
D:10:     layout_loops_corners, minmay_misc_feat_secret_circle,
          lightli_minifort, uniq_amaemon
D:11:     layout_rooms, ebering_ghost_gozag
D:12:     layout_basic, zombieorc2_lemuel, gammafunk_ghost_necromancy,
          serial_shops, nicolae_square_shop, kennysheep_donut, grunt_ogre_cave,
          minmay_tree_intersection, grunt_ministairs_7
D:13:     layout_big_octagon, hangedman_ru_absence
D:14:     layout_basic, david_vaults_3, lemuel_doored_altar,
          gammafunk_ghost_cemetery, chequers_decorated_corner, uniq_rupert
D:15:     gammafunk_depths_entry_grave, layout_basic, trog_three_pillars_becter,
          hangedman_abyss_or_decor_stagger, amethyst_killhole,
          grunt_ministairs_1
Lair:1:   layout_chaotic_city, lemuel_fruit_tree, serial_bayou_shore_a,
          infiniplex_staircase_pool_2
Lair:2:   layout_hall_layers, basic_altar, nicolae_lair_grazing_beasts
          [nicolae_sub_lair_graze_edge, nicolae_sub_lair_graze_edge,
          nicolae_sub_lair_graze_edge, nicolae_sub_lair_graze_edge]
Lair:3:   layout_chaotic_city, elwin_shoals_entry_rocks, dummy_spider_entry,
          gammafunk_ghost_grave, kennysheep_abandoned_house, grunt_megastairs_4
Lair:4:   layout_regular_city, nicolae_lair_lakeside_cave
Lair:5:   hellmonk_lair_end_abyssal_woods, layout_layer_cave, slime_entry_1,
          enter_volcano_2, nzn_ghost_randoct, lemuel_fruit_fields, uniq_urug
Shoals:1: layout_shoals
Shoals:2: layout_shoals, serial_shops, shop
Shoals:3: cheibrodos_shoals_oceanic_diplomacy, layout_shoals, yaktaur_hedge,
          uniq_ilsuiw, uniq_polyphemus
Shoals:4: shoals_end_grunt_ice, layout_shoals, serial_shops,
          nicolae_shop_hallway_plus
Spider:1: layout_spider_delve, hellmonk_watch_for_rolling_rocks, uniq_josephine
Spider:2: layout_spider_delve, hive_lemuel
Spider:3: layout_spider_delve, uniq_mlioglotl
Spider:4: grunt_spider_rune_parallel, spiders_nest_hornet_nest, uniq_asterion,
          uniq_arachne
Orc:1:    layout_diamond_mine, serial_shops, nicolae_shop_advertising_works
          [nicolae_subvault_shop_adworks], uniq_harold, uniq_erolcha
Orc:2:    kennysheep_orc_mage_school, layout_diamond_mine, basic_altar,
          serial_shops, nicolae_shop_behind_doors, mines1_david
Vaults:1: grunt_vaults_twisty, vaults_room_large_hall,
          nicolae_vaults_yaktaur_gun_rack, vaults_room_grid,
          ontoclasm_vaults_hangar, v_misc_19, ontoclasm_vaults_decontamination,
          ontoclasm_vaults_idyll, grunt_vaults_funnel,
          grunt_vaults_hallway_short, layout_vaults_big_room
Vaults:2: dpeg_vaults_monster_box, vaults_mumra_chevron,
          vaults_standard_mumra_enter_the_diamond, hangedman_vaults_slice,
          nicolae_vaults_network_quinsquares
          [nicolae_vaults_network_quincunx_subvault,
          nicolae_vaults_network_quincunx_subvault,
          nicolae_vaults_network_quincunx_subvault,
          nicolae_vaults_network_quincunx_subvault], v_misc_17,
          ontoclasm_vaults_loading_screen, v_misc_25,
          nicolae_vaults_specimen_jars, hangedman_vaults_stitches,
          nicolae_vaults_asterisk, layout_vaults_quadrants
Vaults:3: minmay_crypt_entry_necro_gods, hangedman_vaults_nails,
          vaults_mumra_lcd, ontoclasm_vaults_ring_small, vaults_room_corners,
          nicolae_vaults_network_barrier, v_rooms_3,
          nicolae_vaults_three_branches, layout_vaults_omnicross
Vaults:4: v_misc_19, st_lattice, hangedman_vaults_capsules,
          nicolae_vaults_inception_scallops, v_rooms_4, v_alt_pattern_6,
          grunt_vaults_hallway_short, ontoclasm_vaults_fault, vaults_dpeg_cross,
          layout_vaults_ring, serial_shops, shop, uniq_saint_roka,
          uniq_bai_suzhen
Vaults:5: uniq_mara, uniq_boris
Depths:1: nzn_winding_woodlands_stair_cross [nzn_winding_woodlands_5x15_eye,
          nzn_winding_woodlands_center_lodge,
          nzn_winding_woodlands_5x15_river_crossing,
          nzn_winding_woodlands_5x5_default,
          nzn_winding_woodlands_5x5_checkerboard,
          nzn_winding_woodlands_5x15_parted,
          nzn_winding_woodlands_center_pierced_h,
          nzn_winding_woodlands_5x15_sidewinder], layout_gridlike, serial_shops,
          kennysheep_mini, hell_entry, cheibriados_altar_1, minivault_15,
          minmay_shop_grid_forest, lightli_fourway_metalbox
Depths:2: wad_courtyard, layout_basic, serial_shops,
          nicolae_inconvenience_store, roderic_roman_lattice,
          rand_demon_pan_entry_5, hell_entry, drop_trap
Depths:3: minmay_octo_star, layout_cave_pools, abyss_entry_crystal, hell_entry,
          minmay_shop_grove
Depths:4: grunt_zot_entry_funnels, layout_gridlike, enter_ziggurat_e,
          nicolae_hexahallways, grunt_metal_band,
          nicolae_qazlal_general_emergency

Skill      XL: |  1  2  3  4  5  6  7  8  9 10 11 12 13 14 15 16 17 18 19 20 21 22 |
---------------+-------------------------------------------------------------------+-----
Axes           | 4 5 6 7 9 10 12 14 16 18 19 | 19.0
Fighting       | 4 5 6 7 8 10 12 14 16 18 20 22 24 25 | 25.0
Armour         | 4 6 7 9 11 13 14 16 17 18 20 21 24 | 24.1
Throwing       | 1 2 4 6 10 12 13 14 | 14.0
Shields        | 7 8 9 10 12 14 15 16 17 18 21 22 | 22.3
Dodging        | 3 4 5 6 8 9 10 11 12 13 | 13.0

Action                   |  1- 3 |  4- 6 |  7- 9 | 10-12 | 13-15 | 16-18 | 19-21 | 22-24 || total
-------------------------+-------+-------+-------+-------+-------+-------+-------+-------++-------
Melee: Hand axe          |    53 |    88 |   251 |    16 |    28 |       |       |       ||   436
       Headbutt          |     5 |    10 |    55 |    91 |   216 |   239 |   294 |    71 ||   981
       Punch             |     2 |     1 |       |       |       |       |       |       ||     3
       War axe           |       |       |       |   375 |   815 |   269 |       |       ||  1459
       Morningstar       |       |       |       |     1 |    14 |       |       |       ||    15
       Broad axe         |       |       |       |       |       |   731 |  1122 |   244 ||  2097
Throw: Boomerang         |    23 |    49 |    52 |    82 |   159 |   156 |   137 |       ||   658
       Javelin           |       |       |       |       |    45 |    26 |    28 |     5 ||   104
Invok: Berserk           |     2 |     4 |    14 |    19 |    26 |    27 |    40 |     9 ||   141
       Trog's Hand       |       |       |     1 |     1 |    12 |    17 |    16 |     3 ||    50
       Brothers in Arms  |       |       |       |     2 |    10 |    15 |    18 |     3 ||    48
  Use: Scroll            |     5 |     2 |     8 |     9 |     9 |    10 |     8 |     4 ||    55
       Potion            |     1 |       |     2 |     2 |     2 |    13 |    10 |     6 ||    36
 Stab: Confused          |       |       |     1 |       |       |       |       |       ||     1
       Invisible         |       |       |       |       |     4 |       |       |       ||     4
       Distracted        |       |       |       |       |     3 |     3 |     3 |       ||     9
Armor: Animal skin       |     5 |       |       |       |       |       |       |       ||     5
       Ring mail         |     8 |     5 |       |       |       |       |       |       ||    13
       Scale mail        |       |    20 |       |       |       |       |       |       ||    20
       Chain mail        |       |       |    63 |       |   145 |   409 |   357 |       ||   974
       Plate armour      |       |       |     6 |   169 |   190 |       |       |       ||   365
       Gold dragon scale |       |       |       |       |       |       |    28 |   128 ||   156
Dodge: Dodged            |    35 |    30 |    58 |   116 |   254 |   509 |   653 |   225 ||  1880
Block: Kite shield       |       |       |    77 |   182 |   381 |   538 |    71 |       ||  1249
       Tower shield      |       |       |       |       |       |       |   946 |   288 ||  1234

Table legend:
 A = Non-vault XP
 B = Vault XP
 C = Vault XP percentage of total XP
 D = Non-vault monster count
 E = Vault monster count
 F = Vault count percentage of total count
                 A         B        C        D         E       F
            +---------+---------+-------+---------+---------+-------
      Total |  466855 |  322068 |  40.8 |    1096 |     549 |  33.4
            +---------+---------+-------+---------+---------+-------
        D:1 |      34 |       0 |   0.0 |      19 |       0 |   0.0
        D:2 |      48 |       0 |   0.0 |      15 |       0 |   0.0
        D:3 |      30 |      72 |  70.6 |      17 |       2 |  10.5
        D:4 |     179 |     489 |  73.2 |      13 |      20 |  60.6
        D:5 |     991 |       0 |   0.0 |      21 |       0 |   0.0
        D:6 |    1438 |     249 |  14.8 |      18 |       1 |   5.3
        D:7 |    1007 |       0 |   0.0 |      24 |       0 |   0.0
        D:8 |    1083 |    1274 |  54.1 |      14 |       6 |  30.0
        D:9 |    1184 |    7551 |  86.4 |      14 |      17 |  54.8
       D:10 |    3992 |    1720 |  30.1 |      20 |       3 |  13.0
       D:11 |    3889 |       0 |   0.0 |      23 |       0 |   0.0
       D:12 |    4264 |    2944 |  40.8 |      20 |      39 |  66.1
       D:13 |    6952 |    6505 |  48.3 |      13 |      19 |  59.4
       D:14 |   10630 |     813 |   7.1 |      18 |       1 |   5.3
       D:15 |   15315 |    5250 |  25.5 |      29 |       9 |  23.7
     Lair:1 |    3465 |       0 |   0.0 |      16 |       0 |   0.0
     Lair:2 |    3116 |    1612 |  34.1 |      15 |       4 |  21.1
     Lair:3 |    2440 |    1817 |  42.7 |      11 |      21 |  65.6
     Lair:4 |   10268 |    9395 |  47.8 |      34 |      23 |  40.4
     Lair:5 |    8659 |    9901 |  53.3 |      26 |      37 |  58.7
   Shoals:1 |   10845 |       0 |   0.0 |      24 |       0 |   0.0
   Shoals:2 |   15180 |       0 |   0.0 |      33 |       0 |   0.0
   Shoals:3 |   10564 |   13882 |  56.8 |      24 |      21 |  46.7
   Shoals:4 |   14200 |   16442 |  53.7 |      29 |      31 |  51.7
   Spider:1 |   11837 |    5691 |  32.5 |      37 |      11 |  22.9
   Spider:2 |   24617 |       0 |   0.0 |      59 |       0 |   0.0
   Spider:3 |   20963 |    1823 |   8.0 |      52 |       1 |   1.9
   Spider:4 |   20467 |   16479 |  44.6 |      44 |      31 |  41.3
      Orc:1 |    7137 |    1723 |  19.4 |      41 |       2 |   4.7
      Orc:2 |    3572 |    6978 |  66.1 |      32 |      34 |  51.5
   Vaults:1 |   28310 |    3004 |   9.6 |      39 |       4 |   9.3
   Vaults:2 |   29478 |   16076 |  35.3 |      45 |      21 |  31.8
   Vaults:3 |   33092 |   15825 |  32.4 |      47 |      24 |  33.8
   Vaults:4 |   40764 |   44644 |  52.3 |      63 |      52 |  45.2
   Vaults:5 |    4095 |   29972 |  88.0 |       5 |      25 |  83.3
   Depths:1 |   33526 |   36995 |  52.5 |      48 |      36 |  42.9
   Depths:2 |   28445 |   20098 |  41.4 |      39 |      21 |  35.0
   Depths:3 |   27270 |   19982 |  42.3 |      30 |      12 |  28.6
   Depths:4 |   23509 |   22862 |  49.3 |      25 |      21 |  45.7
            +---------+---------+-------+---------+---------+-------
